Workbook
Name _Hlk77757077: AddlQuestions!#REF!

Sheet Coversheet
B5: OPEI
B6: Standard Name
B12: Recipient Name
B13: Federal Award Identification Number
B14: Report | D14: Initial Report | E14: Mid-Year Report | F14: Annual Report | G14: Date Received | I14: OPEI | J14: Standard Name | K14: FY | L14: Entity Name | M14: Report Type | N14: Report Date | O14: Coversheet Data | P14: Coversheet Responses
B15: Date Completed
I16: =$D$5 -> 0 | J16: =$D$6 -> 0 | K16: =$H$15 -> 0 | L16: ='Coversheet'!$D$12 -> 0 | M16: =$D$14 -> Initial Report | N16: =$D$15 -> 0 | O16: PI | P16: =D24 -> 0
I17: =$D$5 -> 0 | J17: =$D$6 -> 0 | K17: =$H$15 -> 0 | L17: ='Coversheet'!$D$12 -> 0 | M17: =$E$14 -> Mid-Year Report | N17: =$E$15 -> 0 | O17: PI Email | P17: =D25 -> 0
B18: Project Period Start Date | I18: =$D$5 -> 0 | J18: =$D$6 -> 0 | K18: =$H$15 -> 0 | L18: ='Coversheet'!$D$12 -> 0 | M18: =$F$14 -> Annual Report | N18: =$F$15 -> 0 | O18: PI Phone | P18: =D26 -> 0
B19: Project End Date
B20: Budget Period Start Date
B21: Budget Period End Date
B24: Principal Investigator (PI)
B25: PI Email
B26: PI Phone
B28: *Note any necessary changes to PI information above should be communicated as described in your NOA.

Sheet AllData
A1: OPEI | B1: Standard Name | C1: FY | D1: Entity Name | E1: Report Type | F1: Report Date | G1: Coversheet Data | H1: Coversheet Responses | I1: PE 1 | J1: PE 2 | K1: PE 3 | L1: PE 4 | M1: PE 5 | N1: PE 6 | O1: PE 7 | P1: PE 8 | Q1: PE 9 | R1: PE 10 | S1: PE 11 | T1: PE 12 | U1: PE 13 | V1: PE 14 | W1: PE 15 | X1: PE 16 | Y1: PE 17 | Z1: PE 18 | AA1: PE 19 | AB1: MY PE 1 | AC1: MY PE 2 | AD1: MY PE 3 | AE1: MY PE 4 | AF1: MY PE 5 | AG1: MY PE 6 | AH1: MY PE 7 | AI1: MY PE 8 | AJ1: MY PE 9 | AK1: MY PE 10 | AL1: MY PE 11 | AM1: MY PE 12 | AN1: MY PE 13 | AO1: MY PE 14 | AP1: MY PE 15 | AQ1: MY PE 16 | AR1: MY PE 17 | AS1: MY PE 18 | AT1: MY PE 19 | AU1: Annual PE 1 | AV1: Annual PE 2 | AW1: Annual PE 3 | AX1: Annual PE 4 | AY1: Annual PE 5 | AZ1: Annual PE 6 | BA1: Annual PE 7 | BB1: Annual PE 8 | BC1: Annual PE 9 | BD1: Annual PE 10 | BE1: Annual PE 11 | BF1: Annual PE 12 | BG1: Annual PE 13 | BH1: Annual PE 14 | BI1: Annual PE 15 | BJ1: Annual PE 16 | BK1: Annual PE 17 | BL1: Annual PE 18 | BM1: Annual PE 19 | BN1: Funding FY | BO1: Submission Received | BP1: Submission Type | BQ1: Planned Start | BR1: Planned End | BS1: Description | BT1: FDA Reviewer | BU1: Date Reviewed | BV1: Committee Reviewed | BW1: Committee approver | BX1: Mid-Year New Start | BY1: Mid-Year New End | BZ1: Mid-Year Status | CA1: Mid-Year Percent | CB1: Mid-Year Progress Narrative | CC1: Mid-Year Changes to PE Links | CD1: Annual New Start | CE1: Annual New End | CF1: Annual Status | CG1: Annual Percent | CH1: Annual Progress Narrative | CI1: Annual Changes to PE Links | CJ1: Action Item | CK1: Performance Element ID | CL1: Performance Element Description | CM1: Order | CN1: AddlQuestions | CO1: Mid-Year AddlQuestion Response | CP1: Annual AddlQuestionResponse | CQ1: AddlQuestion Category | CR1: Name | CS1: Title | CT1: Project Role | CU1: Months Effort | CV1: Months Funded | CW1: Personnel Changes | CX1: Explanation
A3: 0 | B3: 0 | C3: 0 | D3: 0 | E3: Initial Report | F3: 0 | G3: PI | H3: 0
A4: 0 | B4: 0 | C4: 0 | D4: 0 | E4: Mid-Year Report | F4: 0 | G4: PI Email | H4: 0
A5: 0 | B5: 0 | C5: 0 | D5: 0 | E5: Annual Report | F5: 0 | G5: PI Phone | H5: 0
A8: 0 | B8: 0 | D8: 0 | I8: 0 | J8: 0 | K8: 0 | L8: 0 | M8: 0 | N8: 0 | O8: 0 | P8: 0 | Q8: 0 | R8: 0 | S8: 0 | T8: 0 | U8: 0 | V8: 0 | W8: 0 | X8: 0 | Y8: 0 | Z8: 0 | AA8: 0 | AB8: 0 | AC8: 0 | AD8: 0 | AE8: 0 | AF8: 0 | AG8: 0 | AH8: 0 | AI8: 0 | AJ8: 0 | AK8: 0 | AL8: 0 | AM8: 0 | AN8: 0 | AO8: 0 | AP8: 0 | AQ8: 0 | AR8: 0 | AS8: 0 | AT8: 0 | AU8: 0 | AV8: 0 | AW8: 0 | AX8: 0 | AY8: 0 | AZ8: 0 | BA8: 0 | BB8: 0 | BC8: 0 | BD8: 0 | BE8: 0 | BF8: 0 | BG8: 0 | BH8: 0 | BI8: 0 | BJ8: 0 | BK8: 0 | BL8: 0 | BM8: 0 | BN8: 0 | BO8: 0 | BP8: 0 | BQ8: 0 | BR8: 0 | BS8: 0 | BT8: null | BV8: null | BW8: null | BX8: 0 | BY8: 0 | BZ8: Select | CA8: Select | CB8: 0 | CC8: 0 | CD8: 0 | CE8: 0 | CF8: Select | CG8: Select | CH8: [If this Plan of Action was reported as complete at your Mid-Year Report and no additional updates are needed please skip the Annual Report Response Section. Otherwise, complete the Annual Report Response section and replace this bracketed text with your Progress Report] | CI8: 0 | CJ8: 1
A9: 0 | B9: 0 | D9: 0 | BN9: 0 | BO9: 0 | BP9: 0 | CJ9: 1
A10: 0 | B10: 0 | D10: 0 | BN10: 0 | BO10: 0 | BP10: 0 | CJ10: 1
A16: 0 | B16: 0 | D16: 0 | I16: 0 | J16: 0 | K16: 0 | L16: 0 | M16: 0 | N16: 0 | O16: 0 | P16: 0 | Q16: 0 | R16: 0 | S16: 0 | T16: 0 | U16: 0 | V16: 0 | W16: 0 | X16: 0 | Y16: 0 | Z16: 0 | AA16: 0 | AB16: 0 | AC16: 0 | AD16: 0 | AE16: 0 | AF16: 0 | AG16: 0 | AH16: 0 | AI16: 0 | AJ16: 0 | AK16: 0 | AL16: 0 | AM16: 0 | AN16: 0 | AO16: 0 | AP16: 0 | AQ16: 0 | AR16: 0 | AS16: 0 | AT16: 0 | AU16: 0 | AV16: 0 | AW16: 0 | AX16: 0 | AY16: 0 | AZ16: 0 | BA16: 0 | BB16: 0 | BC16: 0 | BD16: 0 | BE16: 0 | BF16: 0 | BG16: 0 | BH16: 0 | BI16: 0 | BJ16: 0 | BK16: 0 | BL16: 0 | BM16: 0 | BN16: 0 | BO16: 0 | BP16: 0 | BQ16: 0 | BR16: 0 | BS16: 0 | BT16: null | BV16: null | BW16: null | BX16: 0 | BY16: 0 | BZ16: Select | CA16: Select | CB16: 0 | CC16: 0 | CD16: 0 | CE16: 0 | CF16: Select | CG16: Select | CH16: [If this Plan of Action was reported as complete at your Mid-Year Report and no additional updates are needed please skip the Annual Report Response Section. Otherwise, complete the Annual Report Response section and replace this bracketed text with your Progress Report] | CI16: 0 | CJ16: 2
A17: 0 | B17: 0 | D17: 0 | BN17: 0 | BO17: 0 | BP17: 0 | CJ17: 2
A18: 0 | B18: 0 | D18: 0 | BN18: 0 | BO18: 0 | BP18: 0 | CJ18: 2
A24: 0 | B24: 0 | D24: 0 | I24: 0 | J24: 0 | K24: 0 | L24: 0 | M24: 0 | N24: 0 | O24: 0 | P24: 0 | Q24: 0 | R24: 0 | S24: 0 | T24: 0 | U24: 0 | V24: 0 | W24: 0 | X24: 0 | Y24: 0 | Z24: 0 | AA24: 0 | AB24: 0 | AC24: 0 | AD24: 0 | AE24: 0 | AF24: 0 | AG24: 0 | AH24: 0 | AI24: 0 | AJ24: 0 | AK24: 0 | AL24: 0 | AM24: 0 | AN24: 0 | AO24: 0 | AP24: 0 | AQ24: 0 | AR24: 0 | AS24: 0 | AT24: 0 | AU24: 0 | AV24: 0 | AW24: 0 | AX24: 0 | AY24: 0 | AZ24: 0 | BA24: 0 | BB24: 0 | BC24: 0 | BD24: 0 | BE24: 0 | BF24: 0 | BG24: 0 | BH24: 0 | BI24: 0 | BJ24: 0 | BK24: 0 | BL24: 0 | BM24: 0 | BN24: 0 | BO24: 0 | BP24: 0 | BQ24: 0 | BR24: 0 | BS24: 0 | BT24: null | BV24: null | BW24: null | BX24: 0 | BY24: 0 | BZ24: Select | CA24: Select | CB24: 0 | CC24: 0 | CD24: 0 | CE24: 0 | CF24: Select | CG24: Select | CH24: [If this Plan of Action was reported as complete at your Mid-Year Report and no additional updates are needed please skip the Annual Report Response Section. Otherwise, complete the Annual Report Response section and replace this bracketed text with your Progress Report] | CI24: 0 | CJ24: 3
A25: 0 | B25: 0 | D25: 0 | BN25: 0 | BO25: 0 | BP25: 0 | CJ25: 3
A26: 0 | B26: 0 | D26: 0 | BN26: 0 | BO26: 0 | BP26: 0 | CJ26: 3
A32: 0 | B32: 0 | D32: 0 | I32: 0 | J32: 0 | K32: 0 | L32: 0 | M32: 0 | N32: 0 | O32: 0 | P32: 0 | Q32: 0 | R32: 0 | S32: 0 | T32: 0 | U32: 0 | V32: 0 | W32: 0 | X32: 0 | Y32: 0 | Z32: 0 | AA32: 0 | AB32: 0 | AC32: 0 | AD32: 0 | AE32: 0 | AF32: 0 | AG32: 0 | AH32: 0 | AI32: 0 | AJ32: 0 | AK32: 0 | AL32: 0 | AM32: 0 | AN32: 0 | AO32: 0 | AP32: 0 | AQ32: 0 | AR32: 0 | AS32: 0 | AT32: 0 | AU32: 0 | AV32: 0 | AW32: 0 | AX32: 0 | AY32: 0 | AZ32: 0 | BA32: 0 | BB32: 0 | BC32: 0 | BD32: 0 | BE32: 0 | BF32: 0 | BG32: 0 | BH32: 0 | BI32: 0 | BJ32: 0 | BK32: 0 | BL32: 0 | BM32: 0 | BN32: 0 | BO32: 0 | BP32: 0 | BQ32: 0 | BR32: 0 | BS32: 0 | BT32: null | BV32: null | BW32: null | BX32: 0 | BY32: 0 | BZ32: Select | CA32: Select | CB32: 0 | CC32: 0 | CD32: 0 | CE32: 0 | CF32: Select | CG32: Select | CH32: [If this Plan of Action was reported as complete at your Mid-Year Report and no additional updates are needed please skip the Annual Report Response Section. Otherwise, complete the Annual Report Response section and replace this bracketed text with your Progress Report] | CI32: 0 | CJ32: 4
A33: 0 | B33: 0 | D33: 0 | BN33: 0 | BO33: 0 | BP33: 0 | CJ33: 4
A34: 0 | B34: 0 | D34: 0 | BN34: 0 | BO34: 0 | BP34: 0 | CJ34: 4
A40: 0 | B40: 0 | D40: 0 | I40: 0 | J40: 0 | K40: 0 | L40: 0 | M40: 0 | N40: 0 | O40: 0 | P40: 0 | Q40: 0 | R40: 0 | S40: 0 | T40: 0 | U40: 0 | V40: 0 | W40: 0 | X40: 0 | Y40: 0 | Z40: 0 | AA40: 0 | AB40: 0 | AC40: 0 | AD40: 0 | AE40: 0 | AF40: 0 | AG40: 0 | AH40: 0 | AI40: 0 | AJ40: 0 | AK40: 0 | AL40: 0 | AM40: 0 | AN40: 0 | AO40: 0 | AP40: 0 | AQ40: 0 | AR40: 0 | AS40: 0 | AT40: 0 | AU40: 0 | AV40: 0 | AW40: 0 | AX40: 0 | AY40: 0 | AZ40: 0 | BA40: 0 | BB40: 0 | BC40: 0 | BD40: 0 | BE40: 0 | BF40: 0 | BG40: 0 | BH40: 0 | BI40: 0 | BJ40: 0 | BK40: 0 | BL40: 0 | BM40: 0 | BN40: 0 | BO40: 0 | BP40: 0 | BQ40: 0 | BR40: 0 | BS40: 0 | BT40: null | BV40: null | BW40: null | BX40: 0 | BY40: 0 | BZ40: Select | CA40: Select | CB40: 0 | CC40: 0 | CD40: 0 | CE40: 0 | CF40: Select | CG40: Select | CH40: [If this Plan of Action was reported as complete at your Mid-Year Report and no additional updates are needed please skip the Annual Report Response Section. Otherwise, complete the Annual Report Response section and replace this bracketed text with your Progress Report] | CI40: 0 | CJ40: 5
A41: 0 | B41: 0 | D41: 0 | BN41: 0 | BO41: 0 | BP41: 0 | CJ41: 5
A42: 0 | B42: 0 | D42: 0 | BN42: 0 | BO42: 0 | BP42: 0 | CJ42: 5
A48: 0 | B48: 0 | D48: 0 | I48: 0 | J48: 0 | K48: 0 | L48: 0 | M48: 0 | N48: 0 | O48: 0 | P48: 0 | Q48: 0 | R48: 0 | S48: 0 | T48: 0 | U48: 0 | V48: 0 | W48: 0 | X48: 0 | Y48: 0 | Z48: 0 | AA48: 0 | AB48: 0 | AC48: 0 | AD48: 0 | AE48: 0 | AF48: 0 | AG48: 0 | AH48: 0 | AI48: 0 | AJ48: 0 | AK48: 0 | AL48: 0 | AM48: 0 | AN48: 0 | AO48: 0 | AP48: 0 | AQ48: 0 | AR48: 0 | AS48: 0 | AT48: 0 | AU48: 0 | AV48: 0 | AW48: 0 | AX48: 0 | AY48: 0 | AZ48: 0 | BA48: 0 | BB48: 0 | BC48: 0 | BD48: 0 | BE48: 0 | BF48: 0 | BG48: 0 | BH48: 0 | BI48: 0 | BJ48: 0 | BK48: 0 | BL48: 0 | BM48: 0 | BN48: 0 | BO48: 0 | BP48: 0 | BQ48: 0 | BR48: 0 | BS48: 0 | BT48: null | BV48: null | BW48: null | BX48: 0 | BY48: 0 | BZ48: Select | CA48: Select | CB48: 0 | CC48: 0 | CD48: 0 | CE48: 0 | CF48: Select | CG48: Select | CH48: [If this Plan of Action was reported as complete at your Mid-Year Report and no additional updates are needed please skip the Annual Report Response Section. Otherwise, complete the Annual Report Response section and replace this bracketed text with your Progress Report] | CI48: 0 | CJ48: 6
A49: 0 | B49: 0 | D49: 0 | BN49: 0 | BO49: 0 | BP49: 0 | CJ49: 6
A50: 0 | B50: 0 | D50: 0 | BN50: 0 | BO50: 0 | BP50: 0 | CJ50: 6
A56: 0 | B56: 0 | D56: 0 | I56: 0 | J56: 0 | K56: 0 | L56: 0 | M56: 0 | N56: 0 | O56: 0 | P56: 0 | Q56: 0 | R56: 0 | S56: 0 | T56: 0 | U56: 0 | V56: 0 | W56: 0 | X56: 0 | Y56: 0 | Z56: 0 | AA56: 0 | AB56: 0 | AC56: 0 | AD56: 0 | AE56: 0 | AF56: 0 | AG56: 0 | AH56: 0 | AI56: 0 | AJ56: 0 | AK56: 0 | AL56: 0 | AM56: 0 | AN56: 0 | AO56: 0 | AP56: 0 | AQ56: 0 | AR56: 0 | AS56: 0 | AT56: 0 | AU56: 0 | AV56: 0 | AW56: 0 | AX56: 0 | AY56: 0 | AZ56: 0 | BA56: 0 | BB56: 0 | BC56: 0 | BD56: 0 | BE56: 0 | BF56: 0 | BG56: 0 | BH56: 0 | BI56: 0 | BJ56: 0 | BK56: 0 | BL56: 0 | BM56: 0 | BN56: 0 | BO56: 0 | BP56: 0 | BQ56: 0 | BR56: 0 | BS56: 0 | BT56: null | BV56: null | BW56: null | BX56: 0 | BY56: 0 | BZ56: Select | CA56: Select | CB56: 0 | CC56: 0 | CD56: 0 | CE56: 0 | CF56: Select | CG56: Select | CH56: [If this Plan of Action was reported as complete at your Mid-Year Report and no additional updates are needed please skip the Annual Report Response Section. Otherwise, complete the Annual Report Response section and replace this bracketed text with your Progress Report] | CI56: 0 | CJ56: 7
A57: 0 | B57: 0 | D57: 0 | BN57: 0 | BO57: 0 | BP57: 0 | CJ57: 7
A58: 0 | B58: 0 | D58: 0 | BN58: 0 | BO58: 0 | BP58: 0 | CJ58: 7
A64: 0 | B64: 0 | D64: 0 | I64: 0 | J64: 0 | K64: 0 | L64: 0 | M64: 0 | N64: 0 | O64: 0 | P64: 0 | Q64: 0 | R64: 0 | S64: 0 | T64: 0 | U64: 0 | V64: 0 | W64: 0 | X64: 0 | Y64: 0 | Z64: 0 | AA64: 0 | AB64: 0 | AC64: 0 | AD64: 0 | AE64: 0 | AF64: 0 | AG64: 0 | AH64: 0 | AI64: 0 | AJ64: 0 | AK64: 0 | AL64: 0 | AM64: 0 | AN64: 0 | AO64: 0 | AP64: 0 | AQ64: 0 | AR64: 0 | AS64: 0 | AT64: 0 | AU64: 0 | AV64: 0 | AW64: 0 | AX64: 0 | AY64: 0 | AZ64: 0 | BA64: 0 | BB64: 0 | BC64: 0 | BD64: 0 | BE64: 0 | BF64: 0 | BG64: 0 | BH64: 0 | BI64: 0 | BJ64: 0 | BK64: 0 | BL64: 0 | BM64: 0 | BN64: 0 | BO64: 0 | BP64: 0 | BQ64: 0 | BR64: 0 | BS64: 0 | BT64: null | BV64: null | BW64: null | BX64: 0 | BY64: 0 | BZ64: Select | CA64: Select | CB64: 0 | CC64: 0 | CD64: 0 | CE64: 0 | CF64: Select | CG64: Select | CH64: [If this Plan of Action was reported as complete at your Mid-Year Report and no additional updates are needed please skip the Annual Report Response Section. Otherwise, complete the Annual Report Response section and replace this bracketed text with your Progress Report] | CI64: 0 | CJ64: 8
A65: 0 | B65: 0 | D65: 0 | BN65: 0 | BO65: 0 | BP65: 0 | CJ65: 8
A66: 0 | B66: 0 | D66: 0 | BN66: 0 | BO66: 0 | BP66: 0 | CJ66: 8
A72: 0 | B72: 0 | D72: 0 | I72: 0 | J72: 0 | K72: 0 | L72: 0 | M72: 0 | N72: 0 | O72: 0 | P72: 0 | Q72: 0 | R72: 0 | S72: 0 | T72: 0 | U72: 0 | V72: 0 | W72: 0 | X72: 0 | Y72: 0 | Z72: 0 | AA72: 0 | AB72: 0 | AC72: 0 | AD72: 0 | AE72: 0 | AF72: 0 | AG72: 0 | AH72: 0 | AI72: 0 | AJ72: 0 | AK72: 0 | AL72: 0 | AM72: 0 | AN72: 0 | AO72: 0 | AP72: 0 | AQ72: 0 | AR72: 0 | AS72: 0 | AT72: 0 | AU72: 0 | AV72: 0 | AW72: 0 | AX72: 0 | AY72: 0 | AZ72: 0 | BA72: 0 | BB72: 0 | BC72: 0 | BD72: 0 | BE72: 0 | BF72: 0 | BG72: 0 | BH72: 0 | BI72: 0 | BJ72: 0 | BK72: 0 | BL72: 0 | BM72: 0 | BN72: 0 | BO72: 0 | BP72: 0 | BQ72: 0 | BR72: 0 | BS72: 0 | BT72: null | BV72: null | BW72: null | BX72: 0 | BY72: 0 | BZ72: Select | CA72: Select | CB72: 0 | CC72: 0 | CD72: 0 | CE72: 0 | CF72: Select | CG72: Select | CH72: [If this Plan of Action was reported as complete at your Mid-Year Report and no additional updates are needed please skip the Annual Report Response Section. Otherwise, complete the Annual Report Response section and replace this bracketed text with your Progress Report] | CI72: 0 | CJ72: 9
A73: 0 | B73: 0 | D73: 0 | BN73: 0 | BO73: 0 | BP73: 0 | CJ73: 9
A74: 0 | B74: 0 | D74: 0 | BN74: 0 | BO74: 0 | BP74: 0 | CJ74: 9
A80: 0 | B80: 0 | D80: 0 | I80: 0 | J80: 0 | K80: 0 | L80: 0 | M80: 0 | N80: 0 | O80: 0 | P80: 0 | Q80: 0 | R80: 0 | S80: 0 | T80: 0 | U80: 0 | V80: 0 | W80: 0 | X80: 0 | Y80: 0 | Z80: 0 | AA80: 0 | AB80: 0 | AC80: 0 | AD80: 0 | AE80: 0 | AF80: 0 | AG80: 0 | AH80: 0 | AI80: 0 | AJ80: 0 | AK80: 0 | AL80: 0 | AM80: 0 | AN80: 0 | AO80: 0 | AP80: 0 | AQ80: 0 | AR80: 0 | AS80: 0 | AT80: 0 | AU80: 0 | AV80: 0 | AW80: 0 | AX80: 0 | AY80: 0 | AZ80: 0 | BA80: 0 | BB80: 0 | BC80: 0 | BD80: 0 | BE80: 0 | BF80: 0 | BG80: 0 | BH80: 0 | BI80: 0 | BJ80: 0 | BK80: 0 | BL80: 0 | BM80: 0 | BN80: 0 | BO80: 0 | BP80: 0 | BQ80: 0 | BR80: 0 | BS80: 0 | BT80: null | BV80: null | BW80: null | BX80: 0 | BY80: 0 | BZ80: Select | CA80: Select | CB80: 0 | CC80: 0 | CD80: 0 | CE80: 0 | CF80: Select | CG80: Select | CH80: [If this Plan of Action was reported as complete at your Mid-Year Report and no additional updates are needed please skip the Annual Report Response Section. Otherwise, complete the Annual Report Response section and replace this bracketed text with your Progress Report] | CI80: 0 | CJ80: 10
A81: 0 | B81: 0 | D81: 0 | BN81: 0 | BO81: 0 | BP81: 0 | CJ81: 10
A82: 0 | B82: 0 | D82: 0 | BN82: 0 | BO82: 0 | BP82: 0 | CJ82: 10
A88: 0 | B88: 0 | D88: 0 | I88: 0 | J88: 0 | K88: 0 | L88: 0 | M88: 0 | N88: 0 | O88: 0 | P88: 0 | Q88: 0 | R88: 0 | S88: 0 | T88: 0 | U88: 0 | V88: 0 | W88: 0 | X88: 0 | Y88: 0 | Z88: 0 | AA88: 0 | AB88: 0 | AC88: 0 | AD88: 0 | AE88: 0 | AF88: 0 | AG88: 0 | AH88: 0 | AI88: 0 | AJ88: 0 | AK88: 0 | AL88: 0 | AM88: 0 | AN88: 0 | AO88: 0 | AP88: 0 | AQ88: 0 | AR88: 0 | AS88: 0 | AT88: 0 | AU88: 0 | AV88: 0 | AW88: 0 | AX88: 0 | AY88: 0 | AZ88: 0 | BA88: 0 | BB88: 0 | BC88: 0 | BD88: 0 | BE88: 0 | BF88: 0 | BG88: 0 | BH88: 0 | BI88: 0 | BJ88: 0 | BK88: 0 | BL88: 0 | BM88: 0 | BN88: 0 | BO88: 0 | BP88: 0 | BQ88: 0 | BR88: 0 | BS88: 0 | BT88: null | BV88: null | BW88: null | BX88: 0 | BY88: 0 | BZ88: Select | CA88: Select | CB88: 0 | CC88: 0 | CD88: 0 | CE88: 0 | CF88: Select | CG88: Select | CH88: [If this Plan of Action was reported as complete at your Mid-Year Report and no additional updates are needed please skip the Annual Report Response Section. Otherwise, complete the Annual Report Response section and replace this bracketed text with your Progress Report] | CI88: 0 | CJ88: 11
A89: 0 | B89: 0 | D89: 0 | BN89: 0 | BO89: 0 | BP89: 0 | CJ89: 11
A90: 0 | B90: 0 | D90: 0 | BN90: 0 | BO90: 0 | BP90: 0 | CJ90: 11
A96: 0 | B96: 0 | D96: 0 | I96: 0 | J96: 0 | K96: 0 | L96: 0 | M96: 0 | N96: 0 | O96: 0 | P96: 0 | Q96: 0 | R96: 0 | S96: 0 | T96: 0 | U96: 0 | V96: 0 | W96: 0 | X96: 0 | Y96: 0 | Z96: 0 | AA96: 0 | AB96: 0 | AC96: 0 | AD96: 0 | AE96: 0 | AF96: 0 | AG96: 0 | AH96: 0 | AI96: 0 | AJ96: 0 | AK96: 0 | AL96: 0 | AM96: 0 | AN96: 0 | AO96: 0 | AP96: 0 | AQ96: 0 | AR96: 0 | AS96: 0 | AT96: 0 | AU96: 0 | AV96: 0 | AW96: 0 | AX96: 0 | AY96: 0 | AZ96: 0 | BA96: 0 | BB96: 0 | BC96: 0 | BD96: 0 | BE96: 0 | BF96: 0 | BG96: 0 | BH96: 0 | BI96: 0 | BJ96: 0 | BK96: 0 | BL96: 0 | BM96: 0 | BN96: 0 | BO96: 0 | BP96: 0 | BQ96: 0 | BR96: 0 | BS96: 0 | BT96: null | BV96: null | BW96: null | BX96: 0 | BY96: 0 | BZ96: Select | CA96: Select | CB96: 0 | CC96: 0 | CD96: 0 | CE96: 0 | CF96: Select | CG96: Select | CH96: [If this Plan of Action was reported as complete at your Mid-Year Report and no additional updates are needed please skip the Annual Report Response Section. Otherwise, complete the Annual Report Response section and replace this bracketed text with your Progress Report] | CI96: 0 | CJ96: 12
A97: 0 | B97: 0 | D97: 0 | BN97: 0 | BO97: 0 | BP97: 0 | CJ97: 12
A98: 0 | B98: 0 | D98: 0 | BN98: 0 | BO98: 0 | BP98: 0 | CJ98: 12
A104: 0 | B104: 0 | D104: 0 | I104: 0 | J104: 0 | K104: 0 | L104: 0 | M104: 0 | N104: 0 | O104: 0 | P104: 0 | Q104: 0 | R104: 0 | S104: 0 | T104: 0 | U104: 0 | V104: 0 | W104: 0 | X104: 0 | Y104: 0 | Z104: 0 | AA104: 0 | AB104: 0 | AC104: 0 | AD104: 0 | AE104: 0 | AF104: 0 | AG104: 0 | AH104: 0 | AI104: 0 | AJ104: 0 | AK104: 0 | AL104: 0 | AM104: 0 | AN104: 0 | AO104: 0 | AP104: 0 | AQ104: 0 | AR104: 0 | AS104: 0 | AT104: 0 | AU104: 0 | AV104: 0 | AW104: 0 | AX104: 0 | AY104: 0 | AZ104: 0 | BA104: 0 | BB104: 0 | BC104: 0 | BD104: 0 | BE104: 0 | BF104: 0 | BG104: 0 | BH104: 0 | BI104: 0 | BJ104: 0 | BK104: 0 | BL104: 0 | BM104: 0 | BN104: 0 | BO104: 0 | BP104: 0 | BQ104: 0 | BR104: 0 | BS104: 0 | BT104: null | BV104: null | BW104: null | BX104: 0 | BY104: 0 | BZ104: Select | CA104: Select | CB104: 0 | CC104: 0 | CD104: 0 | CE104: 0 | CF104: Select | CG104: Select | CH104: [If this Plan of Action was reported as complete at your Mid-Year Report and no additional updates are needed please skip the Annual Report Response Section. Otherwise, complete the Annual Report Response section and replace this bracketed text with your Progress Report] | CI104: 0 | CJ104: 13
A105: 0 | B105: 0 | D105: 0 | BN105: 0 | BO105: 0 | BP105: 0 | CJ105: 13
A106: 0 | B106: 0 | D106: 0 | BN106: 0 | BO106: 0 | BP106: 0 | CJ106: 13
A112: 0 | B112: 0 | D112: 0 | I112: 0 | J112: 0 | K112: 0 | L112: 0 | M112: 0 | N112: 0 | O112: 0 | P112: 0 | Q112: 0 | R112: 0 | S112: 0 | T112: 0 | U112: 0 | V112: 0 | W112: 0 | X112: 0 | Y112: 0 | Z112: 0 | AA112: 0 | AB112: 0 | AC112: 0 | AD112: 0 | AE112: 0 | AF112: 0 | AG112: 0 | AH112: 0 | AI112: 0 | AJ112: 0 | AK112: 0 | AL112: 0 | AM112: 0 | AN112: 0 | AO112: 0 | AP112: 0 | AQ112: 0 | AR112: 0 | AS112: 0 | AT112: 0 | AU112: 0 | AV112: 0 | AW112: 0 | AX112: 0 | AY112: 0 | AZ112: 0 | BA112: 0 | BB112: 0 | BC112: 0 | BD112: 0 | BE112: 0 | BF112: 0 | BG112: 0 | BH112: 0 | BI112: 0 | BJ112: 0 | BK112: 0 | BL112: 0 | BM112: 0 | BN112: 0 | BO112: 0 | BP112: 0 | BQ112: 0 | BR112: 0 | BS112: 0 | BT112: null | BV112: null | BW112: null | BX112: 0 | BY112: 0 | BZ112: Select | CA112: Select | CB112: 0 | CC112: 0 | CD112: 0 | CE112: 0 | CF112: Select | CG112: Select | CH112: [If this Plan of Action was reported as complete at your Mid-Year Report and no additional updates are needed please skip the Annual Report Response Section. Otherwise, complete the Annual Report Response section and replace this bracketed text with your Progress Report] | CI112: 0 | CJ112: 14
A113: 0 | B113: 0 | D113: 0 | BN113: 0 | BO113: 0 | BP113: 0 | CJ113: 14
A114: 0 | B114: 0 | D114: 0 | BN114: 0 | BO114: 0 | BP114: 0 | CJ114: 14
A120: 0 | B120: 0 | D120: 0 | I120: 0 | J120: 0 | K120: 0 | L120: 0 | M120: 0 | N120: 0 | O120: 0 | P120: 0 | Q120: 0 | R120: 0 | S120: 0 | T120: 0 | U120: 0 | V120: 0 | W120: 0 | X120: 0 | Y120: 0 | Z120: 0 | AA120: 0 | AB120: 0 | AC120: 0 | AD120: 0 | AE120: 0 | AF120: 0 | AG120: 0 | AH120: 0 | AI120: 0 | AJ120: 0 | AK120: 0 | AL120: 0 | AM120: 0 | AN120: 0 | AO120: 0 | AP120: 0 | AQ120: 0 | AR120: 0 | AS120: 0 | AT120: 0 | AU120: 0 | AV120: 0 | AW120: 0 | AX120: 0 | AY120: 0 | AZ120: 0 | BA120: 0 | BB120: 0 | BC120: 0 | BD120: 0 | BE120: 0 | BF120: 0 | BG120: 0 | BH120: 0 | BI120: 0 | BJ120: 0 | BK120: 0 | BL120: 0 | BM120: 0 | BN120: 0 | BO120: 0 | BP120: 0 | BQ120: 0 | BR120: 0 | BS120: 0 | BT120: null | BV120: null | BW120: null | BX120: 0 | BY120: 0 | BZ120: Select | CA120: Select | CB120: 0 | CC120: 0 | CD120: 0 | CE120: 0 | CF120: Select | CG120: Select | CH120: [If this Plan of Action was reported as complete at your Mid-Year Report and no additional updates are needed please skip the Annual Report Response Section. Otherwise, complete the Annual Report Response section and replace this bracketed text with your Progress Report] | CI120: 0 | CJ120: 15
A121: 0 | B121: 0 | D121: 0 | BN121: 0 | BO121: 0 | BP121: 0 | CJ121: 15
A122: 0 | B122: 0 | D122: 0 | BN122: 0 | BO122: 0 | BP122: 0 | CJ122: 15
A128: 0 | B128: 0 | D128: 0 | I128: 0 | J128: 0 | K128: 0 | L128: 0 | M128: 0 | N128: 0 | O128: 0 | P128: 0 | Q128: 0 | R128: 0 | S128: 0 | T128: 0 | U128: 0 | V128: 0 | W128: 0 | X128: 0 | Y128: 0 | Z128: 0 | AA128: 0 | AB128: 0 | AC128: 0 | AD128: 0 | AE128: 0 | AF128: 0 | AG128: 0 | AH128: 0 | AI128: 0 | AJ128: 0 | AK128: 0 | AL128: 0 | AM128: 0 | AN128: 0 | AO128: 0 | AP128: 0 | AQ128: 0 | AR128: 0 | AS128: 0 | AT128: 0 | AU128: 0 | AV128: 0 | AW128: 0 | AX128: 0 | AY128: 0 | AZ128: 0 | BA128: 0 | BB128: 0 | BC128: 0 | BD128: 0 | BE128: 0 | BF128: 0 | BG128: 0 | BH128: 0 | BI128: 0 | BJ128: 0 | BK128: 0 | BL128: 0 | BM128: 0 | BN128: 0 | BO128: 0 | BP128: 0 | BQ128: 0 | BR128: 0 | BS128: 0 | BT128: null | BV128: null | BW128: null | BX128: 0 | BY128: 0 | BZ128: Select | CA128: Select | CB128: 0 | CC128: 0 | CD128: 0 | CE128: 0 | CF128: Select | CG128: Select | CH128: [If this Plan of Action was reported as complete at your Mid-Year Report and no additional updates are needed please skip the Annual Report Response Section. Otherwise, complete the Annual Report Response section and replace this bracketed text with your Progress Report] | CI128: 0 | CJ128: 16
A129: 0 | B129: 0 | D129: 0 | BN129: 0 | BO129: 0 | BP129: 0 | CJ129: 16
A130: 0 | B130: 0 | D130: 0 | BN130: 0 | BO130: 0 | BP130: 0 | CJ130: 16
A136: 0 | B136: 0 | D136: 0 | I136: 0 | J136: 0 | K136: 0 | L136: 0 | M136: 0 | N136: 0 | O136: 0 | P136: 0 | Q136: 0 | R136: 0 | S136: 0 | T136: 0 | U136: 0 | V136: 0 | W136: 0 | X136: 0 | Y136: 0 | Z136: 0 | AA136: 0 | AB136: 0 | AC136: 0 | AD136: 0 | AE136: 0 | AF136: 0 | AG136: 0 | AH136: 0 | AI136: 0 | AJ136: 0 | AK136: 0 | AL136: 0 | AM136: 0 | AN136: 0 | AO136: 0 | AP136: 0 | AQ136: 0 | AR136: 0 | AS136: 0 | AT136: 0 | AU136: 0 | AV136: 0 | AW136: 0 | AX136: 0 | AY136: 0 | AZ136: 0 | BA136: 0 | BB136: 0 | BC136: 0 | BD136: 0 | BE136: 0 | BF136: 0 | BG136: 0 | BH136: 0 | BI136: 0 | BJ136: 0 | BK136: 0 | BL136: 0 | BM136: 0 | BN136: 0 | BO136: 0 | BP136: 0 | BQ136: 0 | BR136: 0 | BS136: 0 | BT136: null | BV136: null | BW136: null | BX136: 0 | BY136: 0 | BZ136: Select | CA136: Select | CB136: 0 | CC136: 0 | CD136: 0 | CE136: 0 | CF136: Select | CG136: Select | CH136: [If this Plan of Action was reported as complete at your Mid-Year Report and no additional updates are needed please skip the Annual Report Response Section. Otherwise, complete the Annual Report Response section and replace this bracketed text with your Progress Report] | CI136: 0 | CJ136: 17
A137: 0 | B137: 0 | D137: 0 | BN137: 0 | BO137: 0 | BP137: 0 | CJ137: 17
A138: 0 | B138: 0 | D138: 0 | BN138: 0 | BO138: 0 | BP138: 0 | CJ138: 17
A144: 0 | B144: 0 | D144: 0 | I144: 0 | J144: 0 | K144: 0 | L144: 0 | M144: 0 | N144: 0 | O144: 0 | P144: 0 | Q144: 0 | R144: 0 | S144: 0 | T144: 0 | U144: 0 | V144: 0 | W144: 0 | X144: 0 | Y144: 0 | Z144: 0 | AA144: 0 | AB144: 0 | AC144: 0 | AD144: 0 | AE144: 0 | AF144: 0 | AG144: 0 | AH144: 0 | AI144: 0 | AJ144: 0 | AK144: 0 | AL144: 0 | AM144: 0 | AN144: 0 | AO144: 0 | AP144: 0 | AQ144: 0 | AR144: 0 | AS144: 0 | AT144: 0 | AU144: 0 | AV144: 0 | AW144: 0 | AX144: 0 | AY144: 0 | AZ144: 0 | BA144: 0 | BB144: 0 | BC144: 0 | BD144: 0 | BE144: 0 | BF144: 0 | BG144: 0 | BH144: 0 | BI144: 0 | BJ144: 0 | BK144: 0 | BL144: 0 | BM144: 0 | BN144: 0 | BO144: 0 | BP144: 0 | BQ144: 0 | BR144: 0 | BS144: 0 | BT144: null | BV144: null | BW144: null | BX144: 0 | BY144: 0 | BZ144: Select | CA144: Select | CB144: 0 | CC144: 0 | CD144: 0 | CE144: 0 | CF144: Select | CG144: Select | CH144: [If this Plan of Action was reported as complete at your Mid-Year Report and no additional updates are needed please skip the Annual Report Response Section. Otherwise, complete the Annual Report Response section and replace this bracketed text with your Progress Report] | CI144: 0 | CJ144: 18
A145: 0 | B145: 0 | D145: 0 | BN145: 0 | BO145: 0 | BP145: 0 | CJ145: 18
A146: 0 | B146: 0 | D146: 0 | BN146: 0 | BO146: 0 | BP146: 0 | CJ146: 18
A152: 0 | B152: 0 | D152: 0 | I152: 0 | J152: 0 | K152: 0 | L152: 0 | M152: 0 | N152: 0 | O152: 0 | P152: 0 | Q152: 0 | R152: 0 | S152: 0 | T152: 0 | U152: 0 | V152: 0 | W152: 0 | X152: 0 | Y152: 0 | Z152: 0 | AA152: 0 | AB152: 0 | AC152: 0 | AD152: 0 | AE152: 0 | AF152: 0 | AG152: 0 | AH152: 0 | AI152: 0 | AJ152: 0 | AK152: 0 | AL152: 0 | AM152: 0 | AN152: 0 | AO152: 0 | AP152: 0 | AQ152: 0 | AR152: 0 | AS152: 0 | AT152: 0 | AU152: 0 | AV152: 0 | AW152: 0 | AX152: 0 | AY152: 0 | AZ152: 0 | BA152: 0 | BB152: 0 | BC152: 0 | BD152: 0 | BE152: 0 | BF152: 0 | BG152: 0 | BH152: 0 | BI152: 0 | BJ152: 0 | BK152: 0 | BL152: 0 | BM152: 0 | BN152: 0 | BO152: 0 | BP152: 0 | BQ152: 0 | BR152: 0 | BS152: 0 | BT152: null | BV152: null | BW152: null | BX152: 0 | BY152: 0 | BZ152: Select | CA152: Select | CB152: 0 | CC152: 0 | CD152: 0 | CE152: 0 | CF152: Select | CG152: Select | CH152: [If this Plan of Action was reported as complete at your Mid-Year Report and no additional updates are needed please skip the Annual Report Response Section. Otherwise, complete the Annual Report Response section and replace this bracketed text with your Progress Report] | CI152: 0 | CJ152: 19
A153: 0 | B153: 0 | D153: 0 | BN153: 0 | BO153: 0 | BP153: 0 | CJ153: 19
A154: 0 | B154: 0 | D154: 0 | BN154: 0 | BO154: 0 | BP154: 0 | CJ154: 19
A160: 0 | B160: 0 | D160: 0 | I160: 0 | J160: 0 | K160: 0 | L160: 0 | M160: 0 | N160: 0 | O160: 0 | P160: 0 | Q160: 0 | R160: 0 | S160: 0 | T160: 0 | U160: 0 | V160: 0 | W160: 0 | X160: 0 | Y160: 0 | Z160: 0 | AA160: 0 | AB160: 0 | AC160: 0 | AD160: 0 | AE160: 0 | AF160: 0 | AG160: 0 | AH160: 0 | AI160: 0 | AJ160: 0 | AK160: 0 | AL160: 0 | AM160: 0 | AN160: 0 | AO160: 0 | AP160: 0 | AQ160: 0 | AR160: 0 | AS160: 0 | AT160: 0 | AU160: 0 | AV160: 0 | AW160: 0 | AX160: 0 | AY160: 0 | AZ160: 0 | BA160: 0 | BB160: 0 | BC160: 0 | BD160: 0 | BE160: 0 | BF160: 0 | BG160: 0 | BH160: 0 | BI160: 0 | BJ160: 0 | BK160: 0 | BL160: 0 | BM160: 0 | BN160: 0 | BO160: 0 | BP160: 0 | BQ160: 0 | BR160: 0 | BS160: 0 | BT160: null | BV160: null | BW160: null | BX160: 0 | BY160: 0 | BZ160: Select | CA160: Select | CB160: 0 | CC160: 0 | CD160: 0 | CE160: 0 | CF160: Select | CG160: Select | CH160: [If this Plan of Action was reported as complete at your Mid-Year Report and no additional updates are needed please skip the Annual Report Response Section. Otherwise, complete the Annual Report Response section and replace this bracketed text with your Progress Report] | CI160: 0 | CJ160: 20
A161: 0 | B161: 0 | D161: 0 | BN161: 0 | BO161: 0 | BP161: 0 | CJ161: 20
A162: 0 | B162: 0 | D162: 0 | BN162: 0 | BO162: 0 | BP162: 0 | CJ162: 20
A175: 0 | B175: 0 | D175: 0 | I175: 0 | J175: 0 | K175: 0 | L175: 0 | M175: 0 | N175: 0 | O175: 0 | P175: 0 | Q175: 0 | R175: 0 | S175: 0 | T175: 0 | U175: 0 | V175: 0 | W175: 0 | X175: 0 | Y175: 0 | Z175: 0 | AA175: 0 | AB175: 0 | AC175: 0 | AD175: 0 | AE175: 0 | AF175: 0 | AG175: 0 | AH175: 0 | AI175: 0 | AJ175: 0 | AK175: 0 | AL175: 0 | AM175: 0 | AN175: 0 | AO175: 0 | AP175: 0 | AQ175: 0 | AR175: 0 | AS175: 0 | AT175: 0 | AU175: 0 | AV175: 0 | AW175: 0 | AX175: 0 | AY175: 0 | AZ175: 0 | BA175: 0 | BB175: 0 | BC175: 0 | BD175: 0 | BE175: 0 | BF175: 0 | BG175: 0 | BH175: 0 | BI175: 0 | BJ175: 0 | BK175: 0 | BL175: 0 | BM175: 0 | BN175: 0 | BO175: 0 | BP175: 0 | BQ175: 0 | BR175: 0 | BS175: 0 | BT175: 0 | BU175: 0 | BV175: Select | BW175: 0 | BX175: 0 | BY175: 0 | BZ175: Select | CA175: Select | CB175: 0 | CC175: 0 | CD175: 0 | CE175: 0 | CF175: Select | CG175: Select | CH175: [If this Plan of Action was reported as complete at your Mid-Year Report and no additional updates are needed please skip the Annual Report Response Section. Otherwise, complete the Annual Report Response section and replace this bracketed text with your Progress Report] | CI175: 0 | CJ175: 21
A176: 0 | B176: 0 | D176: 0 | BN176: 0 | BO176: 0 | BP176: 0 | CJ176: 21
A177: 0 | B177: 0 | D177: 0 | BN177: 0 | BO177: 0 | BP177: 0 | CJ177: 21
A188: 0 | B188: 0 | D188: 0 | I188: 0 | J188: 0 | K188: 0 | L188: 0 | M188: 0 | N188: 0 | O188: 0 | P188: 0 | Q188: 0 | R188: 0 | S188: 0 | T188: 0 | U188: 0 | V188: 0 | W188: 0 | X188: 0 | Y188: 0 | Z188: 0 | AA188: 0 | AB188: 0 | AC188: 0 | AD188: 0 | AE188: 0 | AF188: 0 | AG188: 0 | AH188: 0 | AI188: 0 | AJ188: 0 | AK188: 0 | AL188: 0 | AM188: 0 | AN188: 0 | AO188: 0 | AP188: 0 | AQ188: 0 | AR188: 0 | AS188: 0 | AT188: 0 | AU188: 0 | AV188: 0 | AW188: 0 | AX188: 0 | AY188: 0 | AZ188: 0 | BA188: 0 | BB188: 0 | BC188: 0 | BD188: 0 | BE188: 0 | BF188: 0 | BG188: 0 | BH188: 0 | BI188: 0 | BJ188: 0 | BK188: 0 | BL188: 0 | BM188: 0 | BN188: 0 | BO188: 0 | BP188: 0 | BQ188: 0 | BR188: 0 | BS188: 0 | BT188: 0 | BU188: 0 | BV188: Select | BW188: 0 | BX188: 0 | BY188: 0 | BZ188: Select | CA188: Select | CB188: 0 | CC188: 0 | CD188: 0 | CE188: 0 | CF188: Select | CG188: Select | CH188: [If this Plan of Action was reported as complete at your Mid-Year Report and no additional updates are needed please skip the Annual Report Response Section. Otherwise, complete the Annual Report Response section and replace this bracketed text with your Progress Report] | CI188: 0 | CJ188: 22
A189: 0 | B189: 0 | D189: 0 | BN189: 0 | BO189: 0 | BP189: 0 | CJ189: 22
A190: 0 | B190: 0 | D190: 0 | BN190: 0 | BO190: 0 | BP190: 0 | CJ190: 22
A201: 0 | B201: 0 | D201: 0 | I201: 0 | J201: 0 | K201: 0 | L201: 0 | M201: 0 | N201: 0 | O201: 0 | P201: 0 | Q201: 0 | R201: 0 | S201: 0 | T201: 0 | U201: 0 | V201: 0 | W201: 0 | X201: 0 | Y201: 0 | Z201: 0 | AA201: 0 | AB201: 0 | AC201: 0 | AD201: 0 | AE201: 0 | AF201: 0 | AG201: 0 | AH201: 0 | AI201: 0 | AJ201: 0 | AK201: 0 | AL201: 0 | AM201: 0 | AN201: 0 | AO201: 0 | AP201: 0 | AQ201: 0 | AR201: 0 | AS201: 0 | AT201: 0 | AU201: 0 | AV201: 0 | AW201: 0 | AX201: 0 | AY201: 0 | AZ201: 0 | BA201: 0 | BB201: 0 | BC201: 0 | BD201: 0 | BE201: 0 | BF201: 0 | BG201: 0 | BH201: 0 | BI201: 0 | BJ201: 0 | BK201: 0 | BL201: 0 | BM201: 0 | BN201: 0 | BO201: 0 | BP201: 0 | BQ201: 0 | BR201: 0 | BS201: 0 | BT201: 0 | BU201: 0 | BV201: Select | BW201: 0 | BX201: 0 | BY201: 0 | BZ201: Select | CA201: Select | CB201: 0 | CC201: 0 | CD201: 0 | CE201: 0 | CF201: Select | CG201: Select | CH201: [If this Plan of Action was reported as complete at your Mid-Year Report and no additional updates are needed please skip the Annual Report Response Section. Otherwise, complete the Annual Report Response section and replace this bracketed text with your Progress Report] | CI201: 0 | CJ201: 23
A202: 0 | B202: 0 | D202: 0 | BN202: 0 | BO202: 0 | BP202: 0 | CJ202: 23
A203: 0 | B203: 0 | D203: 0 | BN203: 0 | BO203: 0 | BP203: 0 | CJ203: 23
A214: 0 | B214: 0 | D214: 0 | I214: 0 | J214: 0 | K214: 0 | L214: 0 | M214: 0 | N214: 0 | O214: 0 | P214: 0 | Q214: 0 | R214: 0 | S214: 0 | T214: 0 | U214: 0 | V214: 0 | W214: 0 | X214: 0 | Y214: 0 | Z214: 0 | AA214: 0 | AB214: 0 | AC214: 0 | AD214: 0 | AE214: 0 | AF214: 0 | AG214: 0 | AH214: 0 | AI214: 0 | AJ214: 0 | AK214: 0 | AL214: 0 | AM214: 0 | AN214: 0 | AO214: 0 | AP214: 0 | AQ214: 0 | AR214: 0 | AS214: 0 | AT214: 0 | AU214: 0 | AV214: 0 | AW214: 0 | AX214: 0 | AY214: 0 | AZ214: 0 | BA214: 0 | BB214: 0 | BC214: 0 | BD214: 0 | BE214: 0 | BF214: 0 | BG214: 0 | BH214: 0 | BI214: 0 | BJ214: 0 | BK214: 0 | BL214: 0 | BM214: 0 | BN214: 0 | BO214: 0 | BP214: 0 | BQ214: 0 | BR214: 0 | BS214: 0 | BT214: 0 | BU214: 0 | BV214: Select | BW214: 0 | BX214: 0 | BY214: 0 | BZ214: Select | CA214: Select | CB214: 0 | CC214: 0 | CD214: 0 | CE214: 0 | CF214: Select | CG214: Select | CH214: [If this Plan of Action was reported as complete at your Mid-Year Report and no additional updates are needed please skip the Annual Report Response Section. Otherwise, complete the Annual Report Response section and replace this bracketed text with your Progress Report] | CI214: 0 | CJ214: 24
A215: 0 | B215: 0 | D215: 0 | BN215: 0 | BO215: 0 | BP215: 0 | CJ215: 24
A216: 0 | B216: 0 | D216: 0 | BN216: 0 | BO216: 0 | BP216: 0 | CJ216: 24
A227: 0 | B227: 0 | D227: 0 | I227: 0 | J227: 0 | K227: 0 | L227: 0 | M227: 0 | N227: 0 | O227: 0 | P227: 0 | Q227: 0 | R227: 0 | S227: 0 | T227: 0 | U227: 0 | V227: 0 | W227: 0 | X227: 0 | Y227: 0 | Z227: 0 | AA227: 0 | AB227: 0 | AC227: 0 | AD227: 0 | AE227: 0 | AF227: 0 | AG227: 0 | AH227: 0 | AI227: 0 | AJ227: 0 | AK227: 0 | AL227: 0 | AM227: 0 | AN227: 0 | AO227: 0 | AP227: 0 | AQ227: 0 | AR227: 0 | AS227: 0 | AT227: 0 | AU227: 0 | AV227: 0 | AW227: 0 | AX227: 0 | AY227: 0 | AZ227: 0 | BA227: 0 | BB227: 0 | BC227: 0 | BD227: 0 | BE227: 0 | BF227: 0 | BG227: 0 | BH227: 0 | BI227: 0 | BJ227: 0 | BK227: 0 | BL227: 0 | BM227: 0 | BN227: 0 | BO227: 0 | BP227: 0 | BQ227: 0 | BR227: 0 | BS227: 0 | BT227: 0 | BU227: 0 | BV227: Select | BW227: 0 | BX227: 0 | BY227: 0 | BZ227: Select | CA227: Select | CB227: 0 | CC227: 0 | CD227: 0 | CE227: 0 | CF227: Select | CG227: Select | CH227: [If this Plan of Action was reported as complete at your Mid-Year Report and no additional updates are needed please skip the Annual Report Response Section. Otherwise, complete the Annual Report Response section and replace this bracketed text with your Progress Report] | CI227: 0 | CJ227: 25
A228: 0 | B228: 0 | D228: 0 | BN228: 0 | BO228: 0 | BP228: 0 | CJ228: 25
A229: 0 | B229: 0 | D229: 0 | BN229: 0 | BO229: 0 | BP229: 0 | CJ229: 25
AB231: Objective 1. Training Development The initial Comprehensive Training Plan must be submitted within 45 days of award and address each of the following components: | AC231: Objective 1a. Course Identification and Prioritization. | AD231: Objective 1b. Redesign of Existing Courses. | AE231: Objective 1c. Development of New Courses. | AF231: Objective 1d. In-Person Training for High-Priority Courses. | AG231: Objective 2. Laboratory Meeting Coordination and Execution. | AM231: NOA Reporting Element 1. Development status and projected completion timeline of any trainings, workshops, meetings, and other educational materials and resources. Report on the re-design and development of existing FDA-developed courses. | AN231: NOA Reporting Element 2. Development of new course development and completion timeline. Describe the decision-making process in course selection and collaboration with the FDA. Describe the delivery method of the course and any course related materials developed. | AO231: NOA Reporting Element 3. Development status and projected completion timeline of in-person trainings; include information such as course name and description, materials developed, location and dates of training, number of attendees, and training evaluation results and/or feedback. | AP231: NOA Reporting Element 4. Description of planning, hosting, and follow-up activities for the annual LFFM Face-to-Face, GenomeTrakr meetings, NARMS meetings and trainings. | AQ231: NOA Reporting Element 5. Description of support being provided to laboratories to obtain, maintain, expand scope, and enhance ISO/IEC 17025 accreditation requirements. This includes a summary of the monitoring activities, assistance to labs facing challenges, and progress of the laboratories directly being supported through any consultant services offered under this award. | AR231: NOA Reporting Element 6. Description of collaborative work for committees such as the Human and Animal Foods Committee and Food Chemistry Committee regarding FDA funded work in areas that include but are not limited to human and animal foods and food chemistry. Description of coordination with AFDO, AAFCO, NASDA, and other relevant association partners. | AU231: Objective 1. Training Development The initial Comprehensive Training Plan must be submitted within 45 days of award and address each of the following components: | AV231: Objective 1a. Course Identification and Prioritization. | AW231: Objective 1b. Redesign of Existing Courses. | AX231: Objective 1c. Development of New Courses. | AY231: Objective 1d. In-Person Training for High-Priority Courses. | AZ231: Objective 2. Laboratory Meeting Coordination and Execution. | BF231: NOA Reporting Element 1. Development status and projected completion timeline of any trainings, workshops, meetings, and other educational materials and resources. Report on the re-design and development of existing FDA-developed courses. | BG231: NOA Reporting Element 2. Development of new course development and completion timeline. Describe the decision-making process in course selection and collaboration with the FDA. Describe the delivery method of the course and any course related materials developed. | BH231: NOA Reporting Element 3. Development status and projected completion timeline of in-person trainings; include information such as course name and description, materials developed, location and dates of training, number of attendees, and training evaluation results and/or feedback. | BI231: NOA Reporting Element 4. Description of planning, hosting, and follow-up activities for the annual LFFM Face-to-Face, GenomeTrakr meetings, NARMS meetings and trainings. | BJ231: NOA Reporting Element 5. Description of support being provided to laboratories to obtain, maintain, expand scope, and enhance ISO/IEC 17025 accreditation requirements. This includes a summary of the monitoring activities, assistance to labs facing challenges, and progress of the laboratories directly being supported through any consultant services offered under this award. | BK231: NOA Reporting Element 6. Description of collaborative work for committees such as the Human and Animal Foods Committee and Food Chemistry Committee regarding FDA funded work in areas that include but are not limited to human and animal foods and food chemistry. Description of coordination with AFDO, AAFCO, NASDA, and other relevant association partners. | CK231: Objective 1 | CL231: Objective 1. Training Development The initial Comprehensive Training Plan must be submitted within 45 days of award and address each of the following components: | CM231: 1
CK232: Objective 2 | CL232: Objective 1a. Course Identification and Prioritization. | CM232: 2
A233: 0 | B233: 0 | D233: 0 | BN233: 0 | CK233: Objective 3 | CL233: Objective 1b. Redesign of Existing Courses. | CM233: 3
A234: 0 | B234: 0 | D234: 0 | BN234: 0 | CK234: Objective 4 | CL234: Objective 1c. Development of New Courses. | CM234: 4
A235: 0 | B235: 0 | D235: 0 | BN235: 0 | CK235: Objective 5 | CL235: Objective 1d. In-Person Training for High-Priority Courses. | CM235: 5
A236: 0 | B236: 0 | D236: 0 | BN236: 0 | CK236: Objective 6 | CL236: Objective 2. Laboratory Meeting Coordination and Execution. | CM236: 6
A237: 0 | B237: 0 | D237: 0 | BN237: 0 | CK237: Objective 7 | CL237: Objective 3. ISO/IEC 17025 Accreditation Assistance. | CM237: 7
A238: 0 | B238: 0 | D238: 0 | BN238: 0 | CK238: Objective 8 | CL238: Objective 4. Management of Laboratory Committees. | CM238: 8
A239: 0 | B239: 0 | D239: 0 | BN239: 0 | CK239: Objective 9 | CL239: Objective 5. Administration of State Laboratory Travel and Training Scholarships | CM239: 9
A240: 0 | B240: 0 | D240: 0 | BN240: 0 | CK240: Objective 10 | CL240: Objective 6. Conduct National Laboratory Collaboration and State Partner Feedback Exercises | CM240: 10
A241: 0 | B241: 0 | D241: 0 | BN241: 0 | CK241: NOA Reporting Element 1 | CL241: NOA Reporting Element 1. Development status and projected completion timeline of any trainings, workshops, meetings, and other educational materials and resources. Report on the re-design and development of existing FDA-developed courses. | CM241: 12
A242: 0 | B242: 0 | D242: 0 | BN242: 0 | CK242: NOA Reporting Element 2 | CL242: NOA Reporting Element 2. Development of new course development and completion timeline. Describe the decision-making process in course selection and collaboration with the FDA. Describe the delivery method of the course and any course related materials developed. | CM242: 13
A243: 0 | B243: 0 | D243: 0 | BN243: 0 | CK243: NOA Reporting Element 3 | CL243: NOA Reporting Element 3. Development status and projected completion timeline of in-person trainings; include information such as course name and description, materials developed, location and dates of training, number of attendees, and training evaluation results and/or feedback. | CM243: 14
CK244: NOA Reporting Element 4 | CL244: NOA Reporting Element 4. Description of planning, hosting, and follow-up activities for the annual LFFM Face-to-Face, GenomeTrakr meetings, NARMS meetings and trainings. | CM244: 15
CK245: NOA Reporting Element 5 | CL245: NOA Reporting Element 5. Description of support being provided to laboratories to obtain, maintain, expand scope, and enhance ISO/IEC 17025 accreditation requirements. This includes a summary of the monitoring activities, assistance to labs facing challenges, and progress of the laboratories directly being supported through any consultant services offered under this award. | CM245: 16
CK246: NOA Reporting Element 6 | CL246: NOA Reporting Element 6. Description of collaborative work for committees such as the Human and Animal Foods Committee and Food Chemistry Committee regarding FDA funded work in areas that include but are not limited to human and animal foods and food chemistry. Description of coordination with AFDO, AAFCO, NASDA, and other relevant association partners. | CM246: 17
CK247: NOA Reporting Element 7 | CL247: NOA Reporting Element 7. Summary of travel scholarships awarded to laboratorians for trainings, meetings, conferences, and materials and supplies. Include the organization name, the number of scholarships awarded and the associated amounts of the scholarships. | CM247: 18
CK248: NOA Reporting Element 8 | CL248: NOA Reporting Element 8. Describe any state and partner laboratory feedback gathered and shared with the FDA. Include any outcomes of feedback and any follow-up activities pursued with laboratory partners. | CM248: 19
A250: 0 | B250: 0 | C250: 0 | D250: 0 | CN250: Please describe the public health impact of your activities under this cooperative agreement. | CO250: 0 | CP250: 0 | CQ250: Public Health
A253: 0 | B253: 0 | C253: 0 | D253: 0 | CN253: Please describe how your activities have facilitated long-term improvements to the national food safety system under this cooperative agreement. | CO253: 0 | CP253: 0 | CQ253: Public Health
A258: 0 | B258: 0 | C258: 0 | D258: 0 | CN258: Please share any highlights or success stories related to this project. Include links to additional information (website, news articles, etc.) when applicable. | CO258: 0 | CP258: 0 | CQ258: Other Outcomes
...

Sheet ProgressNarrative
B7: Fiscal Year:
B31: Initial Report Response | F31: Mid-Year Report Response | O31: Annual Report Response | X31: Performance Elements | Y31: IR Objective 1 | Z31: IR Objective 2 | AA31: IR Objective 3 | AB31: IR Objective 4 | AC31: IR Objective 5 | AE31: IR Objective 6 | AK31: IR NOA Reporting Element 1 | AL31: IR NOA Reporting Element 2 | AM31: IR NOA Reporting Element 3 | AO31: IR NOA Reporting Element 4 | AP31: IR NOA Reporting Element 5 | AQ31: IR NOA Reporting Element 6 | AU31: PE 1 | AV31: PE 2 | AW31: PE 3 | AX31: PE 4 | AY31: PE 5 | AZ31: PE 6 | BA31: PE 7 | BB31: PE 8 | BC31: PE 9 | BD31: PE 10 | BE31: PE 11 | BF31: PE 12 | BG31: PE 13 | BH31: PE 14 | BI31: PE 15 | BJ31: PE 16 | BK31: PE 17 | BL31: PE 18 | BM31: PE 19 | BN31: MY PE 1 | BO31: MY PE 2 | BP31: MY PE 3 | BQ31: MY PE 4 | BR31: MY PE 5 | BS31: MY PE 6 | BT31: MY PE 7 | BU31: MY PE 8 | BV31: MY PE 9 | BW31: MY PE 10 | BX31: MY PE 11 | BY31: MY PE 12 | BZ31: MY PE 13 | CA31: MY PE 14 | CB31: MY PE 15 | CC31: MY PE 16 | CD31: MY PE 17 | CE31: MY PE 18 | CF31: MY PE 19 | CG31: Annual PE 1 | CH31: Annual PE 2 | CI31: Annual PE 3 | CJ31: Annual PE 4 | CK31: Annual PE 5 | CL31: Annual PE 6 | CM31: Annual PE 7 | CN31: Annual PE 8 | CO31: Annual PE 9 | CP31: Annual PE 10 | CQ31: Annual PE 11 | CR31: Annual PE 12 | CS31: Annual PE 13 | CT31: Annual PE 14 | CU31: Annual PE 15 | CV31: Annual PE 16 | CW31: Annual PE 17 | CX31: Annual PE 18 | CY31: Annual PE 19 | CZ31: OPEI | DA31: Standard Name | DB31: Funding FY | DC31: Submission Received | DD31: Submission Type | DE31: Entity Name | DF31: Planned Start | DG31: Planned End | DH31: Description | DI31: FDA Reviewer | DJ31: Date Reviewed | DK31: Committee Reviewed | DL31: Committee approver | DM31: Mid-Year New Start | DN31: Mid-Year New End | DO31: Mid-Year Status | DP31: Mid-Year Percent | DQ31: Mid-Year Progress Narrative | DR31: Mid-Year Changes to PE Links | DS31: Annual New Start | DT31: Annual New End | DU31: Annual Status | DV31: Annual Percent | DW31: Annual Progress Narrative | DX31: Annual Changes to PE Links | DY31: Action Item | DZ31: Performance Element ID | EA31: Performance Element Description | EB31: Order
M32: IF changes are made to the performance element impacts for this action item (in the table to the far right) please explain below. Otherwise leave blank. | V32: IF changes are made to the performance element impacts (in the table to the right) for this action item please explain below. Otherwise leave blank.
B33: Action Item 1: | F33: Action Item 1: | O33: Action Item 1: | X33: Action Item 1: | Y33: Objective 1 | Z33: Objective 1a | AA33: Objective 1b | AB33: Objective 1c | AC33: Objective 1d | AD33: Objective 1e | AE33: Objective 2 | AF33: Objective 3 | AG33: Objective 4 | AH33: Objective 5 | AI33: Objective 6 | AJ33: Objective 11 | AK33: NOA Reporting Element 1 | AL33: NOA Reporting Element 2 | AM33: NOA Reporting Element 3 | AN33: NOA Reporting Element 4 | AO33: NOA Reporting Element 5 | AP33: NOA Reporting Element 6 | AQ33: NOA Reporting Element 7 | AR33: NOA Reporting Element 8 | AS33: NOA Reporting Element 9
B34: Planned Start Date | F34: Actual Start Date | I34: Action Item Status | K34: Select | O34: Actual Start Date | R34: Action Item Status | T34: Select | X34: Impacts at Initial Report | AU34: =Y34 -> 0 | AV34: =Z34 -> 0 | AW34: =AA34 -> 0 | AX34: =AB34 -> 0 | AY34: =AC34 -> 0 | AZ34: =AE34 -> 0 | BA34: =AF34 -> 0 | BB34: =AG34 -> 0 | BC34: =AH34 -> 0 | BD34: =AI34 -> 0 | BE34: =AJ34 -> 0 | BF34: =AK34 -> 0 | BG34: =AL34 -> 0 | BH34: =AM34 -> 0 | BI34: =AO34 -> 0 | BJ34: =AP34 -> 0 | BK34: =AQ34 -> 0 | BL34: =AR34 -> 0 | BM34: =AS34 -> 0 | BN34: =Y35 -> 0 | BO34: =Z35 -> 0 | BP34: =AA35 -> 0 | BQ34: =AB35 -> 0 | BR34: =AC35 -> 0 | BS34: =AE35 -> 0 | BT34: =AF35 -> 0 | BU34: =AG35 -> 0 | BV34: =AH35 -> 0 | BW34: =AI35 -> 0 | BX34: =AJ35 -> 0 | BY34: =AK35 -> 0 | BZ34: =AL35 -> 0 | CA34: =AM35 -> 0 | CB34: =AO35 -> 0 | CC34: =AP35 -> 0 | CD34: =AQ35 -> 0 | CE34: =AR35 -> 0 | CF34: =AS35 -> 0 | CG34: =Y36 -> 0 | CH34: =Z36 -> 0 | CI34: =AA36 -> 0 | CJ34: =AB36 -> 0 | CK34: =AC36 -> 0 | CL34: =AE36 -> 0 | CM34: =AF36 -> 0 | CN34: =AG36 -> 0 | CO34: =AH36 -> 0 | CP34: =AI36 -> 0 | CQ34: =AJ36 -> 0 | CR34: =AK36 -> 0 | CS34: =AL36 -> 0 | CT34: =AM36 -> 0 | CU34: =AO36 -> 0 | CV34: =AP36 -> 0 | CW34: =AQ36 -> 0 | CX34: =AR36 -> 0 | CY34: =AS36 -> 0 | CZ34: ='Coversheet'!$D$5 -> 0 | DA34: ='Coversheet'!$D$6 -> 0 | DB34: ='Coversheet'!$H$15 -> 0 | DC34: ='Coversheet'!$G$15 -> 0 | DD34: ='Coversheet'!$G$16 -> 0 | DE34: ='Coversheet'!$D$12 -> 0 | DF34: =D34 -> 0 | DG34: =D35 -> 0 | DH34: =B37 -> 0 | DI34: null | DK34: null | DL34: null | DM34: =H34 -> 0 | DN34: =H35 -> 0 | DO34: =K34 -> Select | DP34: =L35 -> Select | DQ34: =F37 -> 0 | DR34: =M37 -> 0 | DS34: =Q34 -> 0 | DT34: =Q35 -> 0 | DU34: =T34 -> Select | DV34: =U35 -> Select | DW34: =O37 -> [If this Plan of Action was reported as complete at your Mid-Year Report and no additional updates are needed please skip the Annual Report Response Section. Otherwise, complete the Annual Report Response section and replace this bracketed text with your Progress Report] | DX34: =V37 -> 0 | DY34: 1
B35: Planned End Date | F35: Actual End Date | I35: Action Item Percent Complete | L35: Select | O35: Actual End Date | R35: Action Item Percent Complete | U35: Select | X35: Impacts at Mid-Year Report | CZ35: ='Coversheet'!$D$5 -> 0 | DA35: ='Coversheet'!$D$6 -> 0 | DB35: ='Coversheet'!$H$15 -> 0 | DC35: ='Coversheet'!$G$15 -> 0 | DD35: ='Coversheet'!$G$16 -> 0 | DE35: ='Coversheet'!$D$12 -> 0 | DY35: 1
B36: Planned Action Item Short Description | F36: Mid-Year Progress Report (Use Alt+Enter for new line if desired) | O36: Annual Progress Report (Use Alt+Enter for Actual line if desired) | X36: Impacts at Annual Report | CZ36: ='Coversheet'!$D$5 -> 0 | DA36: ='Coversheet'!$D$6 -> 0 | DB36: ='Coversheet'!$H$15 -> 0 | DC36: ='Coversheet'!$G$15 -> 0 | DD36: ='Coversheet'!$G$16 -> 0 | DE36: ='Coversheet'!$D$12 -> 0 | DY36: 1
O37: [If this Plan of Action was reported as complete at your Mid-Year Report and no additional updates are needed please skip the Annual Report Response Section. Otherwise, complete the Annual Report Response section and replace this bracketed text with your Progress Report]
B40: Initial Report Response | F40: Mid-Year Report Response | O40: Annual Report Response
B41: Action Item 2: | F41: Action Item 2: | M41: IF changes are made to the performance element impacts for this action item (in the table to the far right) please explain below. Otherwise leave blank. | O41: Action Item 2: | V41: IF changes are made to the performance element impacts (in the table to the right) for this action item please explain below. Otherwise leave blank. | X41: Action Item 2: | Y41: Objective 1 | Z41: Objective 1a | AA41: Objective 1b | AB41: Objective 1c | AC41: Objective 1d | AD41: Objective 1e | AE41: Objective 2 | AF41: Objective 3 | AG41: Objective 4 | AH41: Objective 5 | AI41: Objective 6 | AJ41: Objective 11 | AK41: NOA Reporting Element 1 | AL41: NOA Reporting Element 2 | AM41: NOA Reporting Element 3 | AN41: NOA Reporting Element 4 | AO41: NOA Reporting Element 5 | AP41: NOA Reporting Element 6 | AQ41: NOA Reporting Element 7 | AR41: NOA Reporting Element 8 | AS41: NOA Reporting Element 9
B42: Planned Start Date | F42: Actual Start Date | I42: Action Item Status | K42: Select | O42: Actual Start Date | R42: Action Item Status | T42: Select | X42: Impacts at Initial Report | AU42: =Y42 -> 0 | AV42: =Z42 -> 0 | AW42: =AA42 -> 0 | AX42: =AB42 -> 0 | AY42: =AC42 -> 0 | AZ42: =AE42 -> 0 | BA42: =AF42 -> 0 | BB42: =AG42 -> 0 | BC42: =AH42 -> 0 | BD42: =AI42 -> 0 | BE42: =AJ42 -> 0 | BF42: =AK42 -> 0 | BG42: =AL42 -> 0 | BH42: =AM42 -> 0 | BI42: =AO42 -> 0 | BJ42: =AP42 -> 0 | BK42: =AQ42 -> 0 | BL42: =AR42 -> 0 | BM42: =AS42 -> 0 | BN42: =Y43 -> 0 | BO42: =Z43 -> 0 | BP42: =AA43 -> 0 | BQ42: =AB43 -> 0 | BR42: =AC43 -> 0 | BS42: =AE43 -> 0 | BT42: =AF43 -> 0 | BU42: =AG43 -> 0 | BV42: =AH43 -> 0 | BW42: =AI43 -> 0 | BX42: =AJ43 -> 0 | BY42: =AK43 -> 0 | BZ42: =AL43 -> 0 | CA42: =AM43 -> 0 | CB42: =AO43 -> 0 | CC42: =AP43 -> 0 | CD42: =AQ43 -> 0 | CE42: =AR43 -> 0 | CF42: =AS43 -> 0 | CG42: =Y44 -> 0 | CH42: =Z44 -> 0 | CI42: =AA44 -> 0 | CJ42: =AB44 -> 0 | CK42: =AC44 -> 0 | CL42: =AE44 -> 0 | CM42: =AF44 -> 0 | CN42: =AG44 -> 0 | CO42: =AH44 -> 0 | CP42: =AI44 -> 0 | CQ42: =AJ44 -> 0 | CR42: =AK44 -> 0 | CS42: =AL44 -> 0 | CT42: =AM44 -> 0 | CU42: =AO44 -> 0 | CV42: =AP44 -> 0 | CW42: =AQ44 -> 0 | CX42: =AR44 -> 0 | CY42: =AS44 -> 0 | CZ42: ='Coversheet'!$D$5 -> 0 | DA42: ='Coversheet'!$D$6 -> 0 | DB42: ='Coversheet'!$H$15 -> 0 | DC42: ='Coversheet'!$G$15 -> 0 | DD42: ='Coversheet'!$G$16 -> 0 | DE42: ='Coversheet'!$D$12 -> 0 | DF42: =D42 -> 0 | DG42: =D43 -> 0 | DH42: =B45 -> 0 | DI42: null | DK42: null | DL42: null | DM42: =H42 -> 0 | DN42: =H43 -> 0 | DO42: =K42 -> Select | DP42: =L43 -> Select | DQ42: =F45 -> 0 | DR42: =M45 -> 0 | DS42: =Q42 -> 0 | DT42: =Q43 -> 0 | DU42: =T42 -> Select | DV42: =U43 -> Select | DW42: =O45 -> [If this Plan of Action was reported as complete at your Mid-Year Report and no additional updates are needed please skip the Annual Report Response Section. Otherwise, complete the Annual Report Response section and replace this bracketed text with your Progress Report] | DX42: =V45 -> 0 | DY42: 2
B43: Planned End Date | F43: Actual End Date | I43: Action Item Percent Complete | L43: Select | O43: Actual End Date | R43: Action Item Percent Complete | U43: Select | X43: Impacts at Mid-Year Report | CZ43: ='Coversheet'!$D$5 -> 0 | DA43: ='Coversheet'!$D$6 -> 0 | DB43: ='Coversheet'!$H$15 -> 0 | DC43: ='Coversheet'!$G$15 -> 0 | DD43: ='Coversheet'!$G$16 -> 0 | DE43: ='Coversheet'!$D$12 -> 0 | DY43: 2
B44: Planned Action Item Short Description | F44: Mid-Year Progress Report (Use Alt+Enter for new line if desired) | O44: Annual Progress Report (Use Alt+Enter for Actual line if desired) | X44: Impacts at Annual Report | CZ44: ='Coversheet'!$D$5 -> 0 | DA44: ='Coversheet'!$D$6 -> 0 | DB44: ='Coversheet'!$H$15 -> 0 | DC44: ='Coversheet'!$G$15 -> 0 | DD44: ='Coversheet'!$G$16 -> 0 | DE44: ='Coversheet'!$D$12 -> 0 | DY44: 2
O45: [If this Plan of Action was reported as complete at your Mid-Year Report and no additional updates are needed please skip the Annual Report Response Section. Otherwise, complete the Annual Report Response section and replace this bracketed text with your Progress Report]
B48: Initial Report Response | F48: Mid-Year Report Response | O48: Annual Report Response
B49: Action Item 3: | F49: Action Item 3: | M49: IF changes are made to the performance element impacts for this action item (in the table to the far right) please explain below. Otherwise leave blank. | O49: Action Item 3: | V49: IF changes are made to the performance element impacts (in the table to the right) for this action item please explain below. Otherwise leave blank. | X49: Action Item 3: | Y49: Objective 1 | Z49: Objective 1a | AA49: Objective 1b | AB49: Objective 1c | AC49: Objective 1d | AD49: Objective 1e | AE49: Objective 2 | AF49: Objective 3 | AG49: Objective 4 | AH49: Objective 5 | AI49: Objective 6 | AJ49: Objective 11 | AK49: NOA Reporting Element 1 | AL49: NOA Reporting Element 2 | AM49: NOA Reporting Element 3 | AN49: NOA Reporting Element 4 | AO49: NOA Reporting Element 5 | AP49: NOA Reporting Element 6 | AQ49: NOA Reporting Element 7 | AR49: NOA Reporting Element 8 | AS49: NOA Reporting Element 9
B50: Planned Start Date | F50: Actual Start Date | I50: Action Item Status | K50: Select | O50: Actual Start Date | R50: Action Item Status | T50: Select | X50: Impacts at Initial Report | AU50: =Y50 -> 0 | AV50: =Z50 -> 0 | AW50: =AA50 -> 0 | AX50: =AB50 -> 0 | AY50: =AC50 -> 0 | AZ50: =AE50 -> 0 | BA50: =AF50 -> 0 | BB50: =AG50 -> 0 | BC50: =AH50 -> 0 | BD50: =AI50 -> 0 | BE50: =AJ50 -> 0 | BF50: =AK50 -> 0 | BG50: =AL50 -> 0 | BH50: =AM50 -> 0 | BI50: =AO50 -> 0 | BJ50: =AP50 -> 0 | BK50: =AQ50 -> 0 | BL50: =AR50 -> 0 | BM50: =AS50 -> 0 | BN50: =Y51 -> 0 | BO50: =Z51 -> 0 | BP50: =AA51 -> 0 | BQ50: =AB51 -> 0 | BR50: =AC51 -> 0 | BS50: =AE51 -> 0 | BT50: =AF51 -> 0 | BU50: =AG51 -> 0 | BV50: =AH51 -> 0 | BW50: =AI51 -> 0 | BX50: =AJ51 -> 0 | BY50: =AK51 -> 0 | BZ50: =AL51 -> 0 | CA50: =AM51 -> 0 | CB50: =AO51 -> 0 | CC50: =AP51 -> 0 | CD50: =AQ51 -> 0 | CE50: =AR51 -> 0 | CF50: =AS51 -> 0 | CG50: =Y52 -> 0 | CH50: =Z52 -> 0 | CI50: =AA52 -> 0 | CJ50: =AB52 -> 0 | CK50: =AC52 -> 0 | CL50: =AE52 -> 0 | CM50: =AF52 -> 0 | CN50: =AG52 -> 0 | CO50: =AH52 -> 0 | CP50: =AI52 -> 0 | CQ50: =AJ52 -> 0 | CR50: =AK52 -> 0 | CS50: =AL52 -> 0 | CT50: =AM52 -> 0 | CU50: =AO52 -> 0 | CV50: =AP52 -> 0 | CW50: =AQ52 -> 0 | CX50: =AR52 -> 0 | CY50: =AS52 -> 0 | CZ50: ='Coversheet'!$D$5 -> 0 | DA50: ='Coversheet'!$D$6 -> 0 | DB50: ='Coversheet'!$H$15 -> 0 | DC50: ='Coversheet'!$G$15 -> 0 | DD50: ='Coversheet'!$G$16 -> 0 | DE50: ='Coversheet'!$D$12 -> 0 | DF50: =D50 -> 0 | DG50: =D51 -> 0 | DH50: =B53 -> 0 | DI50: null | DK50: null | DL50: null | DM50: =H50 -> 0 | DN50: =H51 -> 0 | DO50: =K50 -> Select | DP50: =L51 -> Select | DQ50: =F53 -> 0 | DR50: =M53 -> 0 | DS50: =Q50 -> 0 | DT50: =Q51 -> 0 | DU50: =T50 -> Select | DV50: =U51 -> Select | DW50: =O53 -> [If this Plan of Action was reported as complete at your Mid-Year Report and no additional updates are needed please skip the Annual Report Response Section. Otherwise, complete the Annual Report Response section and replace this bracketed text with your Progress Report] | DX50: =V53 -> 0 | DY50: 3
B51: Planned End Date | F51: Actual End Date | I51: Action Item Percent Complete | L51: Select | O51: Actual End Date | R51: Action Item Percent Complete | U51: Select | X51: Impacts at Mid-Year Report | CZ51: ='Coversheet'!$D$5 -> 0 | DA51: ='Coversheet'!$D$6 -> 0 | DB51: ='Coversheet'!$H$15 -> 0 | DC51: ='Coversheet'!$G$15 -> 0 | DD51: ='Coversheet'!$G$16 -> 0 | DE51: ='Coversheet'!$D$12 -> 0 | DY51: 3
B52: Planned Action Item Short Description | F52: Mid-Year Progress Report (Use Alt+Enter for new line if desired) | O52: Annual Progress Report (Use Alt+Enter for Actual line if desired) | X52: Impacts at Annual Report | CZ52: ='Coversheet'!$D$5 -> 0 | DA52: ='Coversheet'!$D$6 -> 0 | DB52: ='Coversheet'!$H$15 -> 0 | DC52: ='Coversheet'!$G$15 -> 0 | DD52: ='Coversheet'!$G$16 -> 0 | DE52: ='Coversheet'!$D$12 -> 0 | DY52: 3
O53: [If this Plan of Action was reported as complete at your Mid-Year Report and no additional updates are needed please skip the Annual Report Response Section. Otherwise, complete the Annual Report Response section and replace this bracketed text with your Progress Report]
B56: Initial Report Response | F56: Mid-Year Report Response | O56: Annual Report Response
B57: Action Item 4: | F57: Action Item 4: | M57: IF changes are made to the performance element impacts for this action item (in the table to the far right) please explain below. Otherwise leave blank. | O57: Action Item 4: | V57: IF changes are made to the performance element impacts (in the table to the right) for this action item please explain below. Otherwise leave blank. | X57: Action Item 4: | Y57: Objective 1 | Z57: Objective 1a | AA57: Objective 1b | AB57: Objective 1c | AC57: Objective 1d | AD57: Objective 1e | AE57: Objective 2 | AF57: Objective 3 | AG57: Objective 4 | AH57: Objective 5 | AI57: Objective 6 | AJ57: Objective 11 | AK57: NOA Reporting Element 1 | AL57: NOA Reporting Element 2 | AM57: NOA Reporting Element 3 | AN57: NOA Reporting Element 4 | AO57: NOA Reporting Element 5 | AP57: NOA Reporting Element 6 | AQ57: NOA Reporting Element 7 | AR57: NOA Reporting Element 8 | AS57: NOA Reporting Element 9
B58: Planned Start Date | F58: Actual Start Date | I58: Action Item Status | K58: Select | O58: Actual Start Date | R58: Action Item Status | T58: Select | X58: Impacts at Initial Report | AU58: =Y58 -> 0 | AV58: =Z58 -> 0 | AW58: =AA58 -> 0 | AX58: =AB58 -> 0 | AY58: =AC58 -> 0 | AZ58: =AE58 -> 0 | BA58: =AF58 -> 0 | BB58: =AG58 -> 0 | BC58: =AH58 -> 0 | BD58: =AI58 -> 0 | BE58: =AJ58 -> 0 | BF58: =AK58 -> 0 | BG58: =AL58 -> 0 | BH58: =AM58 -> 0 | BI58: =AO58 -> 0 | BJ58: =AP58 -> 0 | BK58: =AQ58 -> 0 | BL58: =AR58 -> 0 | BM58: =AS58 -> 0 | BN58: =Y59 -> 0 | BO58: =Z59 -> 0 | BP58: =AA59 -> 0 | BQ58: =AB59 -> 0 | BR58: =AC59 -> 0 | BS58: =AE59 -> 0 | BT58: =AF59 -> 0 | BU58: =AG59 -> 0 | BV58: =AH59 -> 0 | BW58: =AI59 -> 0 | BX58: =AJ59 -> 0 | BY58: =AK59 -> 0 | BZ58: =AL59 -> 0 | CA58: =AM59 -> 0 | CB58: =AO59 -> 0 | CC58: =AP59 -> 0 | CD58: =AQ59 -> 0 | CE58: =AR59 -> 0 | CF58: =AS59 -> 0 | CG58: =Y60 -> 0 | CH58: =Z60 -> 0 | CI58: =AA60 -> 0 | CJ58: =AB60 -> 0 | CK58: =AC60 -> 0 | CL58: =AE60 -> 0 | CM58: =AF60 -> 0 | CN58: =AG60 -> 0 | CO58: =AH60 -> 0 | CP58: =AI60 -> 0 | CQ58: =AJ60 -> 0 | CR58: =AK60 -> 0 | CS58: =AL60 -> 0 | CT58: =AM60 -> 0 | CU58: =AO60 -> 0 | CV58: =AP60 -> 0 | CW58: =AQ60 -> 0 | CX58: =AR60 -> 0 | CY58: =AS60 -> 0 | CZ58: ='Coversheet'!$D$5 -> 0 | DA58: ='Coversheet'!$D$6 -> 0 | DB58: ='Coversheet'!$H$15 -> 0 | DC58: ='Coversheet'!$G$15 -> 0 | DD58: ='Coversheet'!$G$16 -> 0 | DE58: ='Coversheet'!$D$12 -> 0 | DF58: =D58 -> 0 | DG58: =D59 -> 0 | DH58: =B61 -> 0 | DI58: null | DK58: null | DL58: null | DM58: =H58 -> 0 | DN58: =H59 -> 0 | DO58: =K58 -> Select | DP58: =L59 -> Select | DQ58: =F61 -> 0 | DR58: =M61 -> 0 | DS58: =Q58 -> 0 | DT58: =Q59 -> 0 | DU58: =T58 -> Select | DV58: =U59 -> Select | DW58: =O61 -> [If this Plan of Action was reported as complete at your Mid-Year Report and no additional updates are needed please skip the Annual Report Response Section. Otherwise, complete the Annual Report Response section and replace this bracketed text with your Progress Report] | DX58: =V61 -> 0 | DY58: 4
B59: Planned End Date | F59: Actual End Date | I59: Action Item Percent Complete | L59: Select | O59: Actual End Date | R59: Action Item Percent Complete | U59: Select | X59: Impacts at Mid-Year Report | CZ59: ='Coversheet'!$D$5 -> 0 | DA59: ='Coversheet'!$D$6 -> 0 | DB59: ='Coversheet'!$H$15 -> 0 | DC59: ='Coversheet'!$G$15 -> 0 | DD59: ='Coversheet'!$G$16 -> 0 | DE59: ='Coversheet'!$D$12 -> 0 | DY59: 4
B60: Planned Action Item Short Description | F60: Mid-Year Progress Report (Use Alt+Enter for new line if desired) | O60: Annual Progress Report (Use Alt+Enter for Actual line if desired) | X60: Impacts at Annual Report | CZ60: ='Coversheet'!$D$5 -> 0 | DA60: ='Coversheet'!$D$6 -> 0 | DB60: ='Coversheet'!$H$15 -> 0 | DC60: ='Coversheet'!$G$15 -> 0 | DD60: ='Coversheet'!$G$16 -> 0 | DE60: ='Coversheet'!$D$12 -> 0 | DY60: 4
O61: [If this Plan of Action was reported as complete at your Mid-Year Report and no additional updates are needed please skip the Annual Report Response Section. Otherwise, complete the Annual Report Response section and replace this bracketed text with your Progress Report]
B64: Initial Report Response | F64: Mid-Year Report Response | O64: Annual Report Response
B65: Action Item 5: | F65: Action Item 5: | M65: IF changes are made to the performance element impacts for this action item (in the table to the far right) please explain below. Otherwise leave blank. | O65: Action Item 5: | V65: IF changes are made to the performance element impacts (in the table to the right) for this action item please explain below. Otherwise leave blank. | X65: Action Item 5: | Y65: Objective 1 | Z65: Objective 1a | AA65: Objective 1b | AB65: Objective 1c | AC65: Objective 1d | AD65: Objective 1e | AE65: Objective 2 | AF65: Objective 3 | AG65: Objective 4 | AH65: Objective 5 | AI65: Objective 6 | AJ65: Objective 11 | AK65: NOA Reporting Element 1 | AL65: NOA Reporting Element 2 | AM65: NOA Reporting Element 3 | AN65: NOA Reporting Element 4 | AO65: NOA Reporting Element 5 | AP65: NOA Reporting Element 6 | AQ65: NOA Reporting Element 7 | AR65: NOA Reporting Element 8 | AS65: NOA Reporting Element 9
B66: Planned Start Date | F66: Actual Start Date | I66: Action Item Status | K66: Select | O66: Actual Start Date | R66: Action Item Status | T66: Select | X66: Impacts at Initial Report | AU66: =Y66 -> 0 | AV66: =Z66 -> 0 | AW66: =AA66 -> 0 | AX66: =AB66 -> 0 | AY66: =AC66 -> 0 | AZ66: =AE66 -> 0 | BA66: =AF66 -> 0 | BB66: =AG66 -> 0 | BC66: =AH66 -> 0 | BD66: =AI66 -> 0 | BE66: =AJ66 -> 0 | BF66: =AK66 -> 0 | BG66: =AL66 -> 0 | BH66: =AM66 -> 0 | BI66: =AO66 -> 0 | BJ66: =AP66 -> 0 | BK66: =AQ66 -> 0 | BL66: =AR66 -> 0 | BM66: =AS66 -> 0 | BN66: =Y67 -> 0 | BO66: =Z67 -> 0 | BP66: =AA67 -> 0 | BQ66: =AB67 -> 0 | BR66: =AC67 -> 0 | BS66: =AE67 -> 0 | BT66: =AF67 -> 0 | BU66: =AG67 -> 0 | BV66: =AH67 -> 0 | BW66: =AI67 -> 0 | BX66: =AJ67 -> 0 | BY66: =AK67 -> 0 | BZ66: =AL67 -> 0 | CA66: =AM67 -> 0 | CB66: =AO67 -> 0 | CC66: =AP67 -> 0 | CD66: =AQ67 -> 0 | CE66: =AR67 -> 0 | CF66: =AS67 -> 0 | CG66: =Y68 -> 0 | CH66: =Z68 -> 0 | CI66: =AA68 -> 0 | CJ66: =AB68 -> 0 | CK66: =AC68 -> 0 | CL66: =AE68 -> 0 | CM66: =AF68 -> 0 | CN66: =AG68 -> 0 | CO66: =AH68 -> 0 | CP66: =AI68 -> 0 | CQ66: =AJ68 -> 0 | CR66: =AK68 -> 0 | CS66: =AL68 -> 0 | CT66: =AM68 -> 0 | CU66: =AO68 -> 0 | CV66: =AP68 -> 0 | CW66: =AQ68 -> 0 | CX66: =AR68 -> 0 | CY66: =AS68 -> 0 | CZ66: ='Coversheet'!$D$5 -> 0 | DA66: ='Coversheet'!$D$6 -> 0 | DB66: ='Coversheet'!$H$15 -> 0 | DC66: ='Coversheet'!$G$15 -> 0 | DD66: ='Coversheet'!$G$16 -> 0 | DE66: ='Coversheet'!$D$12 -> 0 | DF66: =D66 -> 0 | DG66: =D67 -> 0 | DH66: =B69 -> 0 | DI66: null | DK66: null | DL66: null | DM66: =H66 -> 0 | DN66: =H67 -> 0 | DO66: =K66 -> Select | DP66: =L67 -> Select | DQ66: =F69 -> 0 | DR66: =M69 -> 0 | DS66: =Q66 -> 0 | DT66: =Q67 -> 0 | DU66: =T66 -> Select | DV66: =U67 -> Select | DW66: =O69 -> [If this Plan of Action was reported as complete at your Mid-Year Report and no additional updates are needed please skip the Annual Report Response Section. Otherwise, complete the Annual Report Response section and replace this bracketed text with your Progress Report] | DX66: =V69 -> 0 | DY66: 5
B67: Planned End Date | F67: Actual End Date | I67: Action Item Percent Complete | L67: Select | O67: Actual End Date | R67: Action Item Percent Complete | U67: Select | X67: Impacts at Mid-Year Report | CZ67: ='Coversheet'!$D$5 -> 0 | DA67: ='Coversheet'!$D$6 -> 0 | DB67: ='Coversheet'!$H$15 -> 0 | DC67: ='Coversheet'!$G$15 -> 0 | DD67: ='Coversheet'!$G$16 -> 0 | DE67: ='Coversheet'!$D$12 -> 0 | DY67: 5
B68: Planned Action Item Short Description | F68: Mid-Year Progress Report (Use Alt+Enter for new line if desired) | O68: Annual Progress Report (Use Alt+Enter for Actual line if desired) | X68: Impacts at Annual Report | CZ68: ='Coversheet'!$D$5 -> 0 | DA68: ='Coversheet'!$D$6 -> 0 | DB68: ='Coversheet'!$H$15 -> 0 | DC68: ='Coversheet'!$G$15 -> 0 | DD68: ='Coversheet'!$G$16 -> 0 | DE68: ='Coversheet'!$D$12 -> 0 | DY68: 5
O69: [If this Plan of Action was reported as complete at your Mid-Year Report and no additional updates are needed please skip the Annual Report Response Section. Otherwise, complete the Annual Report Response section and replace this bracketed text with your Progress Report]
B72: Initial Report Response | F72: Mid-Year Report Response | O72: Annual Report Response
B73: Action Item 6: | F73: Action Item 6: | M73: IF changes are made to the performance element impacts for this action item (in the table to the far right) please explain below. Otherwise leave blank. | O73: Action Item 6: | V73: IF changes are made to the performance element impacts (in the table to the right) for this action item please explain below. Otherwise leave blank. | X73: Action Item 6: | Y73: Objective 1 | Z73: Objective 1a | AA73: Objective 1b | AB73: Objective 1c | AC73: Objective 1d | AD73: Objective 1e | AE73: Objective 2 | AF73: Objective 3 | AG73: Objective 4 | AH73: Objective 5 | AI73: Objective 6 | AJ73: Objective 11 | AK73: NOA Reporting Element 1 | AL73: NOA Reporting Element 2 | AM73: NOA Reporting Element 3 | AN73: NOA Reporting Element 4 | AO73: NOA Reporting Element 5 | AP73: NOA Reporting Element 6 | AQ73: NOA Reporting Element 7 | AR73: NOA Reporting Element 8 | AS73: NOA Reporting Element 9
B74: Planned Start Date | F74: Actual Start Date | I74: Action Item Status | K74: Select | O74: Actual Start Date | R74: Action Item Status | T74: Select | X74: Impacts at Initial Report | AU74: =Y74 -> 0 | AV74: =Z74 -> 0 | AW74: =AA74 -> 0 | AX74: =AB74 -> 0 | AY74: =AC74 -> 0 | AZ74: =AE74 -> 0 | BA74: =AF74 -> 0 | BB74: =AG74 -> 0 | BC74: =AH74 -> 0 | BD74: =AI74 -> 0 | BE74: =AJ74 -> 0 | BF74: =AK74 -> 0 | BG74: =AL74 -> 0 | BH74: =AM74 -> 0 | BI74: =AO74 -> 0 | BJ74: =AP74 -> 0 | BK74: =AQ74 -> 0 | BL74: =AR74 -> 0 | BM74: =AS74 -> 0 | BN74: =Y75 -> 0 | BO74: =Z75 -> 0 | BP74: =AA75 -> 0 | BQ74: =AB75 -> 0 | BR74: =AC75 -> 0 | BS74: =AE75 -> 0 | BT74: =AF75 -> 0 | BU74: =AG75 -> 0 | BV74: =AH75 -> 0 | BW74: =AI75 -> 0 | BX74: =AJ75 -> 0 | BY74: =AK75 -> 0 | BZ74: =AL75 -> 0 | CA74: =AM75 -> 0 | CB74: =AO75 -> 0 | CC74: =AP75 -> 0 | CD74: =AQ75 -> 0 | CE74: =AR75 -> 0 | CF74: =AS75 -> 0 | CG74: =Y76 -> 0 | CH74: =Z76 -> 0 | CI74: =AA76 -> 0 | CJ74: =AB76 -> 0 | CK74: =AC76 -> 0 | CL74: =AE76 -> 0 | CM74: =AF76 -> 0 | CN74: =AG76 -> 0 | CO74: =AH76 -> 0 | CP74: =AI76 -> 0 | CQ74: =AJ76 -> 0 | CR74: =AK76 -> 0 | CS74: =AL76 -> 0 | CT74: =AM76 -> 0 | CU74: =AO76 -> 0 | CV74: =AP76 -> 0 | CW74: =AQ76 -> 0 | CX74: =AR76 -> 0 | CY74: =AS76 -> 0 | CZ74: ='Coversheet'!$D$5 -> 0 | DA74: ='Coversheet'!$D$6 -> 0 | DB74: ='Coversheet'!$H$15 -> 0 | DC74: ='Coversheet'!$G$15 -> 0 | DD74: ='Coversheet'!$G$16 -> 0 | DE74: ='Coversheet'!$D$12 -> 0 | DF74: =D74 -> 0 | DG74: =D75 -> 0 | DH74: =B77 -> 0 | DI74: null | DK74: null | DL74: null | DM74: =H74 -> 0 | DN74: =H75 -> 0 | DO74: =K74 -> Select | DP74: =L75 -> Select | DQ74: =F77 -> 0 | DR74: =M77 -> 0 | DS74: =Q74 -> 0 | DT74: =Q75 -> 0 | DU74: =T74 -> Select | DV74: =U75 -> Select | DW74: =O77 -> [If this Plan of Action was reported as complete at your Mid-Year Report and no additional updates are needed please skip the Annual Report Response Section. Otherwise, complete the Annual Report Response section and replace this bracketed text with your Progress Report] | DX74: =V77 -> 0 | DY74: 6
B75: Planned End Date | F75: Actual End Date | I75: Action Item Percent Complete | L75: Select | O75: Actual End Date | R75: Action Item Percent Complete | U75: Select | X75: Impacts at Mid-Year Report | CZ75: ='Coversheet'!$D$5 -> 0 | DA75: ='Coversheet'!$D$6 -> 0 | DB75: ='Coversheet'!$H$15 -> 0 | DC75: ='Coversheet'!$G$15 -> 0 | DD75: ='Coversheet'!$G$16 -> 0 | DE75: ='Coversheet'!$D$12 -> 0 | DY75: 6
B76: Planned Action Item Short Description | F76: Mid-Year Progress Report (Use Alt+Enter for new line if desired) | O76: Annual Progress Report (Use Alt+Enter for Actual line if desired) | X76: Impacts at Annual Report | CZ76: ='Coversheet'!$D$5 -> 0 | DA76: ='Coversheet'!$D$6 -> 0 | DB76: ='Coversheet'!$H$15 -> 0 | DC76: ='Coversheet'!$G$15 -> 0 | DD76: ='Coversheet'!$G$16 -> 0 | DE76: ='Coversheet'!$D$12 -> 0 | DY76: 6
O77: [If this Plan of Action was reported as complete at your Mid-Year Report and no additional updates are needed please skip the Annual Report Response Section. Otherwise, complete the Annual Report Response section and replace this bracketed text with your Progress Report]
B80: Initial Report Response | F80: Mid-Year Report Response | O80: Annual Report Response
B81: Action Item 7: | F81: Action Item 7: | M81: IF changes are made to the performance element impacts for this action item (in the table to the far right) please explain below. Otherwise leave blank. | O81: Action Item 7: | V81: IF changes are made to the performance element impacts (in the table to the right) for this action item please explain below. Otherwise leave blank. | X81: Action Item 7: | Y81: Objective 1 | Z81: Objective 1a | AA81: Objective 1b | AB81: Objective 1c | AC81: Objective 1d | AD81: Objective 1e | AE81: Objective 2 | AF81: Objective 3 | AG81: Objective 4 | AH81: Objective 5 | AI81: Objective 6 | AJ81: Objective 11 | AK81: NOA Reporting Element 1 | AL81: NOA Reporting Element 2 | AM81: NOA Reporting Element 3 | AN81: NOA Reporting Element 4 | AO81: NOA Reporting Element 5 | AP81: NOA Reporting Element 6 | AQ81: NOA Reporting Element 7 | AR81: NOA Reporting Element 8 | AS81: NOA Reporting Element 9
B82: Planned Start Date | F82: Actual Start Date | I82: Action Item Status | K82: Select | O82: Actual Start Date | R82: Action Item Status | T82: Select | X82: Impacts at Initial Report | AU82: =Y82 -> 0 | AV82: =Z82 -> 0 | AW82: =AA82 -> 0 | AX82: =AB82 -> 0 | AY82: =AC82 -> 0 | AZ82: =AE82 -> 0 | BA82: =AF82 -> 0 | BB82: =AG82 -> 0 | BC82: =AH82 -> 0 | BD82: =AI82 -> 0 | BE82: =AJ82 -> 0 | BF82: =AK82 -> 0 | BG82: =AL82 -> 0 | BH82: =AM82 -> 0 | BI82: =AO82 -> 0 | BJ82: =AP82 -> 0 | BK82: =AQ82 -> 0 | BL82: =AR82 -> 0 | BM82: =AS82 -> 0 | BN82: =Y83 -> 0 | BO82: =Z83 -> 0 | BP82: =AA83 -> 0 | BQ82: =AB83 -> 0 | BR82: =AC83 -> 0 | BS82: =AE83 -> 0 | BT82: =AF83 -> 0 | BU82: =AG83 -> 0 | BV82: =AH83 -> 0 | BW82: =AI83 -> 0 | BX82: =AJ83 -> 0 | BY82: =AK83 -> 0 | BZ82: =AL83 -> 0 | CA82: =AM83 -> 0 | CB82: =AO83 -> 0 | CC82: =AP83 -> 0 | CD82: =AQ83 -> 0 | CE82: =AR83 -> 0 | CF82: =AS83 -> 0 | CG82: =Y84 -> 0 | CH82: =Z84 -> 0 | CI82: =AA84 -> 0 | CJ82: =AB84 -> 0 | CK82: =AC84 -> 0 | CL82: =AE84 -> 0 | CM82: =AF84 -> 0 | CN82: =AG84 -> 0 | CO82: =AH84 -> 0 | CP82: =AI84 -> 0 | CQ82: =AJ84 -> 0 | CR82: =AK84 -> 0 | CS82: =AL84 -> 0 | CT82: =AM84 -> 0 | CU82: =AO84 -> 0 | CV82: =AP84 -> 0 | CW82: =AQ84 -> 0 | CX82: =AR84 -> 0 | CY82: =AS84 -> 0 | CZ82: ='Coversheet'!$D$5 -> 0 | DA82: ='Coversheet'!$D$6 -> 0 | DB82: ='Coversheet'!$H$15 -> 0 | DC82: ='Coversheet'!$G$15 -> 0 | DD82: ='Coversheet'!$G$16 -> 0 | DE82: ='Coversheet'!$D$12 -> 0 | DF82: =D82 -> 0 | DG82: =D83 -> 0 | DH82: =B85 -> 0 | DI82: null | DK82: null | DL82: null | DM82: =H82 -> 0 | DN82: =H83 -> 0 | DO82: =K82 -> Select | DP82: =L83 -> Select | DQ82: =F85 -> 0 | DR82: =M85 -> 0 | DS82: =Q82 -> 0 | DT82: =Q83 -> 0 | DU82: =T82 -> Select | DV82: =U83 -> Select | DW82: =O85 -> [If this Plan of Action was reported as complete at your Mid-Year Report and no additional updates are needed please skip the Annual Report Response Section. Otherwise, complete the Annual Report Response section and replace this bracketed text with your Progress Report] | DX82: =V85 -> 0 | DY82: 7
B83: Planned End Date | F83: Actual End Date | I83: Action Item Percent Complete | L83: Select | O83: Actual End Date | R83: Action Item Percent Complete | U83: Select | X83: Impacts at Mid-Year Report | CZ83: ='Coversheet'!$D$5 -> 0 | DA83: ='Coversheet'!$D$6 -> 0 | DB83: ='Coversheet'!$H$15 -> 0 | DC83: ='Coversheet'!$G$15 -> 0 | DD83: ='Coversheet'!$G$16 -> 0 | DE83: ='Coversheet'!$D$12 -> 0 | DY83: 7
B84: Planned Action Item Short Description | F84: Mid-Year Progress Report (Use Alt+Enter for new line if desired) | O84: Annual Progress Report (Use Alt+Enter for Actual line if desired) | X84: Impacts at Annual Report | CZ84: ='Coversheet'!$D$5 -> 0 | DA84: ='Coversheet'!$D$6 -> 0 | DB84: ='Coversheet'!$H$15 -> 0 | DC84: ='Coversheet'!$G$15 -> 0 | DD84: ='Coversheet'!$G$16 -> 0 | DE84: ='Coversheet'!$D$12 -> 0 | DY84: 7
O85: [If this Plan of Action was reported as complete at your Mid-Year Report and no additional updates are needed please skip the Annual Report Response Section. Otherwise, complete the Annual Report Response section and replace this bracketed text with your Progress Report]
B88: Initial Report Response | F88: Mid-Year Report Response | O88: Annual Report Response
B89: Action Item 8: | F89: Action Item 8: | M89: IF changes are made to the performance element impacts for this action item (in the table to the far right) please explain below. Otherwise leave blank. | O89: Action Item 8: | V89: IF changes are made to the performance element impacts (in the table to the right) for this action item please explain below. Otherwise leave blank. | X89: Action Item 8: | Y89: Objective 1 | Z89: Objective 1a | AA89: Objective 1b | AB89: Objective 1c | AC89: Objective 1d | AD89: Objective 1e | AE89: Objective 2 | AF89: Objective 3 | AG89: Objective 4 | AH89: Objective 5 | AI89: Objective 6 | AJ89: Objective 11 | AK89: NOA Reporting Element 1 | AL89: NOA Reporting Element 2 | AM89: NOA Reporting Element 3 | AN89: NOA Reporting Element 4 | AO89: NOA Reporting Element 5 | AP89: NOA Reporting Element 6 | AQ89: NOA Reporting Element 7 | AR89: NOA Reporting Element 8 | AS89: NOA Reporting Element 9
B90: Planned Start Date | F90: Actual Start Date | I90: Action Item Status | K90: Select | O90: Actual Start Date | R90: Action Item Status | T90: Select | X90: Impacts at Initial Report | AU90: =Y90 -> 0 | AV90: =Z90 -> 0 | AW90: =AA90 -> 0 | AX90: =AB90 -> 0 | AY90: =AC90 -> 0 | AZ90: =AE90 -> 0 | BA90: =AF90 -> 0 | BB90: =AG90 -> 0 | BC90: =AH90 -> 0 | BD90: =AI90 -> 0 | BE90: =AJ90 -> 0 | BF90: =AK90 -> 0 | BG90: =AL90 -> 0 | BH90: =AM90 -> 0 | BI90: =AO90 -> 0 | BJ90: =AP90 -> 0 | BK90: =AQ90 -> 0 | BL90: =AR90 -> 0 | BM90: =AS90 -> 0 | BN90: =Y91 -> 0 | BO90: =Z91 -> 0 | BP90: =AA91 -> 0 | BQ90: =AB91 -> 0 | BR90: =AC91 -> 0 | BS90: =AE91 -> 0 | BT90: =AF91 -> 0 | BU90: =AG91 -> 0 | BV90: =AH91 -> 0 | BW90: =AI91 -> 0 | BX90: =AJ91 -> 0 | BY90: =AK91 -> 0 | BZ90: =AL91 -> 0 | CA90: =AM91 -> 0 | CB90: =AO91 -> 0 | CC90: =AP91 -> 0 | CD90: =AQ91 -> 0 | CE90: =AR91 -> 0 | CF90: =AS91 -> 0 | CG90: =Y92 -> 0 | CH90: =Z92 -> 0 | CI90: =AA92 -> 0 | CJ90: =AB92 -> 0 | CK90: =AC92 -> 0 | CL90: =AE92 -> 0 | CM90: =AF92 -> 0 | CN90: =AG92 -> 0 | CO90: =AH92 -> 0 | CP90: =AI92 -> 0 | CQ90: =AJ92 -> 0 | CR90: =AK92 -> 0 | CS90: =AL92 -> 0 | CT90: =AM92 -> 0 | CU90: =AO92 -> 0 | CV90: =AP92 -> 0 | CW90: =AQ92 -> 0 | CX90: =AR92 -> 0 | CY90: =AS92 -> 0 | CZ90: ='Coversheet'!$D$5 -> 0 | DA90: ='Coversheet'!$D$6 -> 0 | DB90: ='Coversheet'!$H$15 -> 0 | DC90: ='Coversheet'!$G$15 -> 0 | DD90: ='Coversheet'!$G$16 -> 0 | DE90: ='Coversheet'!$D$12 -> 0 | DF90: =D90 -> 0 | DG90: =D91 -> 0 | DH90: =B93 -> 0 | DI90: null | DK90: null | DL90: null | DM90: =H90 -> 0 | DN90: =H91 -> 0 | DO90: =K90 -> Select | DP90: =L91 -> Select | DQ90: =F93 -> 0 | DR90: =M93 -> 0 | DS90: =Q90 -> 0 | DT90: =Q91 -> 0 | DU90: =T90 -> Select | DV90: =U91 -> Select | DW90: =O93 -> [If this Plan of Action was reported as complete at your Mid-Year Report and no additional updates are needed please skip the Annual Report Response Section. Otherwise, complete the Annual Report Response section and replace this bracketed text with your Progress Report] | DX90: =V93 -> 0 | DY90: 8
B91: Planned End Date | F91: Actual End Date | I91: Action Item Percent Complete | L91: Select | O91: Actual End Date | R91: Action Item Percent Complete | U91: Select | X91: Impacts at Mid-Year Report | CZ91: ='Coversheet'!$D$5 -> 0 | DA91: ='Coversheet'!$D$6 -> 0 | DB91: ='Coversheet'!$H$15 -> 0 | DC91: ='Coversheet'!$G$15 -> 0 | DD91: ='Coversheet'!$G$16 -> 0 | DE91: ='Coversheet'!$D$12 -> 0 | DY91: 8
B92: Planned Action Item Short Description | F92: Mid-Year Progress Report (Use Alt+Enter for new line if desired) | O92: Annual Progress Report (Use Alt+Enter for Actual line if desired) | X92: Impacts at Annual Report | CZ92: ='Coversheet'!$D$5 -> 0 | DA92: ='Coversheet'!$D$6 -> 0 | DB92: ='Coversheet'!$H$15 -> 0 | DC92: ='Coversheet'!$G$15 -> 0 | DD92: ='Coversheet'!$G$16 -> 0 | DE92: ='Coversheet'!$D$12 -> 0 | DY92: 8
O93: [If this Plan of Action was reported as complete at your Mid-Year Report and no additional updates are needed please skip the Annual Report Response Section. Otherwise, complete the Annual Report Response section and replace this bracketed text with your Progress Report]
B96: Initial Report Response | F96: Mid-Year Report Response | O96: Annual Report Response
B97: Action Item 9: | F97: Action Item 9: | M97: IF changes are made to the performance element impacts for this action item (in the table to the far right) please explain below. Otherwise leave blank. | O97: Action Item 9: | V97: IF changes are made to the performance element impacts (in the table to the right) for this action item please explain below. Otherwise leave blank. | X97: Action Item 9: | Y97: Objective 1 | Z97: Objective 1a | AA97: Objective 1b | AB97: Objective 1c | AC97: Objective 1d | AD97: Objective 1e | AE97: Objective 2 | AF97: Objective 3 | AG97: Objective 4 | AH97: Objective 5 | AI97: Objective 6 | AJ97: Objective 11 | AK97: NOA Reporting Element 1 | AL97: NOA Reporting Element 2 | AM97: NOA Reporting Element 3 | AN97: NOA Reporting Element 4 | AO97: NOA Reporting Element 5 | AP97: NOA Reporting Element 6 | AQ97: NOA Reporting Element 7 | AR97: NOA Reporting Element 8 | AS97: NOA Reporting Element 9
B98: Planned Start Date | F98: Actual Start Date | I98: Action Item Status | K98: Select | O98: Actual Start Date | R98: Action Item Status | T98: Select | X98: Impacts at Initial Report | AU98: =Y98 -> 0 | AV98: =Z98 -> 0 | AW98: =AA98 -> 0 | AX98: =AB98 -> 0 | AY98: =AC98 -> 0 | AZ98: =AE98 -> 0 | BA98: =AF98 -> 0 | BB98: =AG98 -> 0 | BC98: =AH98 -> 0 | BD98: =AI98 -> 0 | BE98: =AJ98 -> 0 | BF98: =AK98 -> 0 | BG98: =AL98 -> 0 | BH98: =AM98 -> 0 | BI98: =AO98 -> 0 | BJ98: =AP98 -> 0 | BK98: =AQ98 -> 0 | BL98: =AR98 -> 0 | BM98: =AS98 -> 0 | BN98: =Y99 -> 0 | BO98: =Z99 -> 0 | BP98: =AA99 -> 0 | BQ98: =AB99 -> 0 | BR98: =AC99 -> 0 | BS98: =AE99 -> 0 | BT98: =AF99 -> 0 | BU98: =AG99 -> 0 | BV98: =AH99 -> 0 | BW98: =AI99 -> 0 | BX98: =AJ99 -> 0 | BY98: =AK99 -> 0 | BZ98: =AL99 -> 0 | CA98: =AM99 -> 0 | CB98: =AO99 -> 0 | CC98: =AP99 -> 0 | CD98: =AQ99 -> 0 | CE98: =AR99 -> 0 | CF98: =AS99 -> 0 | CG98: =Y100 -> 0 | CH98: =Z100 -> 0 | CI98: =AA100 -> 0 | CJ98: =AB100 -> 0 | CK98: =AC100 -> 0 | CL98: =AE100 -> 0 | CM98: =AF100 -> 0 | CN98: =AG100 -> 0 | CO98: =AH100 -> 0 | CP98: =AI100 -> 0 | CQ98: =AJ100 -> 0 | CR98: =AK100 -> 0 | CS98: =AL100 -> 0 | CT98: =AM100 -> 0 | CU98: =AO100 -> 0 | CV98: =AP100 -> 0 | CW98: =AQ100 -> 0 | CX98: =AR100 -> 0 | CY98: =AS100 -> 0 | CZ98: ='Coversheet'!$D$5 -> 0 | DA98: ='Coversheet'!$D$6 -> 0 | DB98: ='Coversheet'!$H$15 -> 0 | DC98: ='Coversheet'!$G$15 -> 0 | DD98: ='Coversheet'!$G$16 -> 0 | DE98: ='Coversheet'!$D$12 -> 0 | DF98: =D98 -> 0 | DG98: =D99 -> 0 | DH98: =B101 -> 0 | DI98: null | DK98: null | DL98: null | DM98: =H98 -> 0 | DN98: =H99 -> 0 | DO98: =K98 -> Select | DP98: =L99 -> Select | DQ98: =F101 -> 0 | DR98: =M101 -> 0 | DS98: =Q98 -> 0 | DT98: =Q99 -> 0 | DU98: =T98 -> Select | DV98: =U99 -> Select | DW98: =O101 -> [If this Plan of Action was reported as complete at your Mid-Year Report and no additional updates are needed please skip the Annual Report Response Section. Otherwise, complete the Annual Report Response section and replace this bracketed text with your Progress Report] | DX98: =V101 -> 0 | DY98: 9
B99: Planned End Date | F99: Actual End Date | I99: Action Item Percent Complete | L99: Select | O99: Actual End Date | R99: Action Item Percent Complete | U99: Select | X99: Impacts at Mid-Year Report | CZ99: ='Coversheet'!$D$5 -> 0 | DA99: ='Coversheet'!$D$6 -> 0 | DB99: ='Coversheet'!$H$15 -> 0 | DC99: ='Coversheet'!$G$15 -> 0 | DD99: ='Coversheet'!$G$16 -> 0 | DE99: ='Coversheet'!$D$12 -> 0 | DY99: 9
B100: Planned Action Item Short Description | F100: Mid-Year Progress Report (Use Alt+Enter for new line if desired) | O100: Annual Progress Report (Use Alt+Enter for Actual line if desired) | X100: Impacts at Annual Report | CZ100: ='Coversheet'!$D$5 -> 0 | DA100: ='Coversheet'!$D$6 -> 0 | DB100: ='Coversheet'!$H$15 -> 0 | DC100: ='Coversheet'!$G$15 -> 0 | DD100: ='Coversheet'!$G$16 -> 0 | DE100: ='Coversheet'!$D$12 -> 0 | DY100: 9
O101: [If this Plan of Action was reported as complete at your Mid-Year Report and no additional updates are needed please skip the Annual Report Response Section. Otherwise, complete the Annual Report Response section and replace this bracketed text with your Progress Report]
B104: Initial Report Response | F104: Mid-Year Report Response | O104: Annual Report Response
B105: Action Item 10: | F105: Action Item 10: | M105: IF changes are made to the performance element impacts for this action item (in the table to the far right) please explain below. Otherwise leave blank. | O105: Action Item 10: | V105: IF changes are made to the performance element impacts (in the table to the right) for this action item please explain below. Otherwise leave blank. | X105: Action Item 10: | Y105: Objective 1 | Z105: Objective 1a | AA105: Objective 1b | AB105: Objective 1c | AC105: Objective 1d | AD105: Objective 1e | AE105: Objective 2 | AF105: Objective 3 | AG105: Objective 4 | AH105: Objective 5 | AI105: Objective 6 | AJ105: Objective 11 | AK105: NOA Reporting Element 1 | AL105: NOA Reporting Element 2 | AM105: NOA Reporting Element 3 | AN105: NOA Reporting Element 4 | AO105: NOA Reporting Element 5 | AP105: NOA Reporting Element 6 | AQ105: NOA Reporting Element 7 | AR105: NOA Reporting Element 8 | AS105: NOA Reporting Element 9
B106: Planned Start Date | F106: Actual Start Date | I106: Action Item Status | K106: Select | O106: Actual Start Date | R106: Action Item Status | T106: Select | X106: Impacts at Initial Report | AU106: =Y106 -> 0 | AV106: =Z106 -> 0 | AW106: =AA106 -> 0 | AX106: =AB106 -> 0 | AY106: =AC106 -> 0 | AZ106: =AE106 -> 0 | BA106: =AF106 -> 0 | BB106: =AG106 -> 0 | BC106: =AH106 -> 0 | BD106: =AI106 -> 0 | BE106: =AJ106 -> 0 | BF106: =AK106 -> 0 | BG106: =AL106 -> 0 | BH106: =AM106 -> 0 | BI106: =AO106 -> 0 | BJ106: =AP106 -> 0 | BK106: =AQ106 -> 0 | BL106: =AR106 -> 0 | BM106: =AS106 -> 0 | BN106: =Y107 -> 0 | BO106: =Z107 -> 0 | BP106: =AA107 -> 0 | BQ106: =AB107 -> 0 | BR106: =AC107 -> 0 | BS106: =AE107 -> 0 | BT106: =AF107 -> 0 | BU106: =AG107 -> 0 | BV106: =AH107 -> 0 | BW106: =AI107 -> 0 | BX106: =AJ107 -> 0 | BY106: =AK107 -> 0 | BZ106: =AL107 -> 0 | CA106: =AM107 -> 0 | CB106: =AO107 -> 0 | CC106: =AP107 -> 0 | CD106: =AQ107 -> 0 | CE106: =AR107 -> 0 | CF106: =AS107 -> 0 | CG106: =Y108 -> 0 | CH106: =Z108 -> 0 | CI106: =AA108 -> 0 | CJ106: =AB108 -> 0 | CK106: =AC108 -> 0 | CL106: =AE108 -> 0 | CM106: =AF108 -> 0 | CN106: =AG108 -> 0 | CO106: =AH108 -> 0 | CP106: =AI108 -> 0 | CQ106: =AJ108 -> 0 | CR106: =AK108 -> 0 | CS106: =AL108 -> 0 | CT106: =AM108 -> 0 | CU106: =AO108 -> 0 | CV106: =AP108 -> 0 | CW106: =AQ108 -> 0 | CX106: =AR108 -> 0 | CY106: =AS108 -> 0 | CZ106: ='Coversheet'!$D$5 -> 0 | DA106: ='Coversheet'!$D$6 -> 0 | DB106: ='Coversheet'!$H$15 -> 0 | DC106: ='Coversheet'!$G$15 -> 0 | DD106: ='Coversheet'!$G$16 -> 0 | DE106: ='Coversheet'!$D$12 -> 0 | DF106: =D106 -> 0 | DG106: =D107 -> 0 | DH106: =B109 -> 0 | DI106: null | DK106: null | DL106: null | DM106: =H106 -> 0 | DN106: =H107 -> 0 | DO106: =K106 -> Select | DP106: =L107 -> Select | DQ106: =F109 -> 0 | DR106: =M109 -> 0 | DS106: =Q106 -> 0 | DT106: =Q107 -> 0 | DU106: =T106 -> Select | DV106: =U107 -> Select | DW106: =O109 -> [If this Plan of Action was reported as complete at your Mid-Year Report and no additional updates are needed please skip the Annual Report Response Section. Otherwise, complete the Annual Report Response section and replace this bracketed text with your Progress Report] | DX106: =V109 -> 0 | DY106: 10
B107: Planned End Date | F107: Actual End Date | I107: Action Item Percent Complete | L107: Select | O107: Actual End Date | R107: Action Item Percent Complete | U107: Select | X107: Impacts at Mid-Year Report | CZ107: ='Coversheet'!$D$5 -> 0 | DA107: ='Coversheet'!$D$6 -> 0 | DB107: ='Coversheet'!$H$15 -> 0 | DC107: ='Coversheet'!$G$15 -> 0 | DD107: ='Coversheet'!$G$16 -> 0 | DE107: ='Coversheet'!$D$12 -> 0 | DY107: 10
B108: Planned Action Item Short Description | F108: Mid-Year Progress Report (Use Alt+Enter for new line if desired) | O108: Annual Progress Report (Use Alt+Enter for Actual line if desired) | X108: Impacts at Annual Report | CZ108: ='Coversheet'!$D$5 -> 0 | DA108: ='Coversheet'!$D$6 -> 0 | DB108: ='Coversheet'!$H$15 -> 0 | DC108: ='Coversheet'!$G$15 -> 0 | DD108: ='Coversheet'!$G$16 -> 0 | DE108: ='Coversheet'!$D$12 -> 0 | DY108: 10
O109: [If this Plan of Action was reported as complete at your Mid-Year Report and no additional updates are needed please skip the Annual Report Response Section. Otherwise, complete the Annual Report Response section and replace this bracketed text with your Progress Report]
B112: Initial Report Response | F112: Mid-Year Report Response | O112: Annual Report Response
B113: Action Item 11: | F113: Action Item 11: | M113: IF changes are made to the performance element impacts for this action item (in the table to the far right) please explain below. Otherwise leave blank. | O113: Action Item 11: | V113: IF changes are made to the performance element impacts (in the table to the right) for this action item please explain below. Otherwise leave blank. | X113: Action Item 11: | Y113: Objective 1 | Z113: Objective 1a | AA113: Objective 1b | AB113: Objective 1c | AC113: Objective 1d | AD113: Objective 1e | AE113: Objective 2 | AF113: Objective 3 | AG113: Objective 4 | AH113: Objective 5 | AI113: Objective 6 | AJ113: Objective 11 | AK113: NOA Reporting Element 1 | AL113: NOA Reporting Element 2 | AM113: NOA Reporting Element 3 | AN113: NOA Reporting Element 4 | AO113: NOA Reporting Element 5 | AP113: NOA Reporting Element 6 | AQ113: NOA Reporting Element 7 | AR113: NOA Reporting Element 8 | AS113: NOA Reporting Element 9
B114: Planned Start Date | F114: Actual Start Date | I114: Action Item Status | K114: Select | O114: Actual Start Date | R114: Action Item Status | T114: Select | X114: Impacts at Initial Report | AU114: =Y114 -> 0 | AV114: =Z114 -> 0 | AW114: =AA114 -> 0 | AX114: =AB114 -> 0 | AY114: =AC114 -> 0 | AZ114: =AE114 -> 0 | BA114: =AF114 -> 0 | BB114: =AG114 -> 0 | BC114: =AH114 -> 0 | BD114: =AI114 -> 0 | BE114: =AJ114 -> 0 | BF114: =AK114 -> 0 | BG114: =AL114 -> 0 | BH114: =AM114 -> 0 | BI114: =AO114 -> 0 | BJ114: =AP114 -> 0 | BK114: =AQ114 -> 0 | BL114: =AR114 -> 0 | BM114: =AS114 -> 0 | BN114: =Y115 -> 0 | BO114: =Z115 -> 0 | BP114: =AA115 -> 0 | BQ114: =AB115 -> 0 | BR114: =AC115 -> 0 | BS114: =AE115 -> 0 | BT114: =AF115 -> 0 | BU114: =AG115 -> 0 | BV114: =AH115 -> 0 | BW114: =AI115 -> 0 | BX114: =AJ115 -> 0 | BY114: =AK115 -> 0 | BZ114: =AL115 -> 0 | CA114: =AM115 -> 0 | CB114: =AO115 -> 0 | CC114: =AP115 -> 0 | CD114: =AQ115 -> 0 | CE114: =AR115 -> 0 | CF114: =AS115 -> 0 | CG114: =Y116 -> 0 | CH114: =Z116 -> 0 | CI114: =AA116 -> 0 | CJ114: =AB116 -> 0 | CK114: =AC116 -> 0 | CL114: =AE116 -> 0 | CM114: =AF116 -> 0 | CN114: =AG116 -> 0 | CO114: =AH116 -> 0 | CP114: =AI116 -> 0 | CQ114: =AJ116 -> 0 | CR114: =AK116 -> 0 | CS114: =AL116 -> 0 | CT114: =AM116 -> 0 | CU114: =AO116 -> 0 | CV114: =AP116 -> 0 | CW114: =AQ116 -> 0 | CX114: =AR116 -> 0 | CY114: =AS116 -> 0 | CZ114: ='Coversheet'!$D$5 -> 0 | DA114: ='Coversheet'!$D$6 -> 0 | DB114: ='Coversheet'!$H$15 -> 0 | DC114: ='Coversheet'!$G$15 -> 0 | DD114: ='Coversheet'!$G$16 -> 0 | DE114: ='Coversheet'!$D$12 -> 0 | DF114: =D114 -> 0 | DG114: =D115 -> 0 | DH114: =B117 -> 0 | DI114: null | DK114: null | DL114: null | DM114: =H114 -> 0 | DN114: =H115 -> 0 | DO114: =K114 -> Select | DP114: =L115 -> Select | DQ114: =F117 -> 0 | DR114: =M117 -> 0 | DS114: =Q114 -> 0 | DT114: =Q115 -> 0 | DU114: =T114 -> Select | DV114: =U115 -> Select | DW114: =O117 -> [If this Plan of Action was reported as complete at your Mid-Year Report and no additional updates are needed please skip the Annual Report Response Section. Otherwise, complete the Annual Report Response section and replace this bracketed text with your Progress Report] | DX114: =V117 -> 0 | DY114: 11
B115: Planned End Date | F115: Actual End Date | I115: Action Item Percent Complete | L115: Select | O115: Actual End Date | R115: Action Item Percent Complete | U115: Select | X115: Impacts at Mid-Year Report | CZ115: ='Coversheet'!$D$5 -> 0 | DA115: ='Coversheet'!$D$6 -> 0 | DB115: ='Coversheet'!$H$15 -> 0 | DC115: ='Coversheet'!$G$15 -> 0 | DD115: ='Coversheet'!$G$16 -> 0 | DE115: ='Coversheet'!$D$12 -> 0 | DY115: 11
B116: Planned Action Item Short Description | F116: Mid-Year Progress Report (Use Alt+Enter for new line if desired) | O116: Annual Progress Report (Use Alt+Enter for Actual line if desired) | X116: Impacts at Annual Report | CZ116: ='Coversheet'!$D$5 -> 0 | DA116: ='Coversheet'!$D$6 -> 0 | DB116: ='Coversheet'!$H$15 -> 0 | DC116: ='Coversheet'!$G$15 -> 0 | DD116: ='Coversheet'!$G$16 -> 0 | DE116: ='Coversheet'!$D$12 -> 0 | DY116: 11
O117: [If this Plan of Action was reported as complete at your Mid-Year Report and no additional updates are needed please skip the Annual Report Response Section. Otherwise, complete the Annual Report Response section and replace this bracketed text with your Progress Report]
B120: Initial Report Response | F120: Mid-Year Report Response | O120: Annual Report Response
B121: Action Item 12: | F121: Action Item 12: | M121: IF changes are made to the performance element impacts for this action item (in the table to the far right) please explain below. Otherwise leave blank. | O121: Action Item 12: | V121: IF changes are made to the performance element impacts (in the table to the right) for this action item please explain below. Otherwise leave blank. | X121: Action Item 12: | Y121: Objective 1 | Z121: Objective 1a | AA121: Objective 1b | AB121: Objective 1c | AC121: Objective 1d | AD121: Objective 1e | AE121: Objective 2 | AF121: Objective 3 | AG121: Objective 4 | AH121: Objective 5 | AI121: Objective 6 | AJ121: Objective 11 | AK121: NOA Reporting Element 1 | AL121: NOA Reporting Element 2 | AM121: NOA Reporting Element 3 | AN121: NOA Reporting Element 4 | AO121: NOA Reporting Element 5 | AP121: NOA Reporting Element 6 | AQ121: NOA Reporting Element 7 | AR121: NOA Reporting Element 8 | AS121: NOA Reporting Element 9
B122: Planned Start Date | F122: Actual Start Date | I122: Action Item Status | K122: Select | O122: Actual Start Date | R122: Action Item Status | T122: Select | X122: Impacts at Initial Report | AU122: =Y122 -> 0 | AV122: =Z122 -> 0 | AW122: =AA122 -> 0 | AX122: =AB122 -> 0 | AY122: =AC122 -> 0 | AZ122: =AE122 -> 0 | BA122: =AF122 -> 0 | BB122: =AG122 -> 0 | BC122: =AH122 -> 0 | BD122: =AI122 -> 0 | BE122: =AJ122 -> 0 | BF122: =AK122 -> 0 | BG122: =AL122 -> 0 | BH122: =AM122 -> 0 | BI122: =AO122 -> 0 | BJ122: =AP122 -> 0 | BK122: =AQ122 -> 0 | BL122: =AR122 -> 0 | BM122: =AS122 -> 0 | BN122: =Y123 -> 0 | BO122: =Z123 -> 0 | BP122: =AA123 -> 0 | BQ122: =AB123 -> 0 | BR122: =AC123 -> 0 | BS122: =AE123 -> 0 | BT122: =AF123 -> 0 | BU122: =AG123 -> 0 | BV122: =AH123 -> 0 | BW122: =AI123 -> 0 | BX122: =AJ123 -> 0 | BY122: =AK123 -> 0 | BZ122: =AL123 -> 0 | CA122: =AM123 -> 0 | CB122: =AO123 -> 0 | CC122: =AP123 -> 0 | CD122: =AQ123 -> 0 | CE122: =AR123 -> 0 | CF122: =AS123 -> 0 | CG122: =Y124 -> 0 | CH122: =Z124 -> 0 | CI122: =AA124 -> 0 | CJ122: =AB124 -> 0 | CK122: =AC124 -> 0 | CL122: =AE124 -> 0 | CM122: =AF124 -> 0 | CN122: =AG124 -> 0 | CO122: =AH124 -> 0 | CP122: =AI124 -> 0 | CQ122: =AJ124 -> 0 | CR122: =AK124 -> 0 | CS122: =AL124 -> 0 | CT122: =AM124 -> 0 | CU122: =AO124 -> 0 | CV122: =AP124 -> 0 | CW122: =AQ124 -> 0 | CX122: =AR124 -> 0 | CY122: =AS124 -> 0 | CZ122: ='Coversheet'!$D$5 -> 0 | DA122: ='Coversheet'!$D$6 -> 0 | DB122: ='Coversheet'!$H$15 -> 0 | DC122: ='Coversheet'!$G$15 -> 0 | DD122: ='Coversheet'!$G$16 -> 0 | DE122: ='Coversheet'!$D$12 -> 0 | DF122: =D122 -> 0 | DG122: =D123 -> 0 | DH122: =B125 -> 0 | DI122: null | DK122: null | DL122: null | DM122: =H122 -> 0 | DN122: =H123 -> 0 | DO122: =K122 -> Select | DP122: =L123 -> Select | DQ122: =F125 -> 0 | DR122: =M125 -> 0 | DS122: =Q122 -> 0 | DT122: =Q123 -> 0 | DU122: =T122 -> Select | DV122: =U123 -> Select | DW122: =O125 -> [If this Plan of Action was reported as complete at your Mid-Year Report and no additional updates are needed please skip the Annual Report Response Section. Otherwise, complete the Annual Report Response section and replace this bracketed text with your Progress Report] | DX122: =V125 -> 0 | DY122: 12
B123: Planned End Date | F123: Actual End Date | I123: Action Item Percent Complete | L123: Select | O123: Actual End Date | R123: Action Item Percent Complete | U123: Select | X123: Impacts at Mid-Year Report | CZ123: ='Coversheet'!$D$5 -> 0 | DA123: ='Coversheet'!$D$6 -> 0 | DB123: ='Coversheet'!$H$15 -> 0 | DC123: ='Coversheet'!$G$15 -> 0 | DD123: ='Coversheet'!$G$16 -> 0 | DE123: ='Coversheet'!$D$12 -> 0 | DY123: 12
B124: Planned Action Item Short Description | F124: Mid-Year Progress Report (Use Alt+Enter for new line if desired) | O124: Annual Progress Report (Use Alt+Enter for Actual line if desired) | X124: Impacts at Annual Report | CZ124: ='Coversheet'!$D$5 -> 0 | DA124: ='Coversheet'!$D$6 -> 0 | DB124: ='Coversheet'!$H$15 -> 0 | DC124: ='Coversheet'!$G$15 -> 0 | DD124: ='Coversheet'!$G$16 -> 0 | DE124: ='Coversheet'!$D$12 -> 0 | DY124: 12
O125: [If this Plan of Action was reported as complete at your Mid-Year Report and no additional updates are needed please skip the Annual Report Response Section. Otherwise, complete the Annual Report Response section and replace this bracketed text with your Progress Report]
B128: Initial Report Response | F128: Mid-Year Report Response | O128: Annual Report Response
B129: Action Item 13: | F129: Action Item 13: | M129: IF changes are made to the performance element impacts for this action item (in the table to the far right) please explain below. Otherwise leave blank. | O129: Action Item 13: | V129: IF changes are made to the performance element impacts (in the table to the right) for this action item please explain below. Otherwise leave blank. | X129: Action Item 13: | Y129: Objective 1 | Z129: Objective 1a | AA129: Objective 1b | AB129: Objective 1c | AC129: Objective 1d | AD129: Objective 1e | AE129: Objective 2 | AF129: Objective 3 | AG129: Objective 4 | AH129: Objective 5 | AI129: Objective 6 | AJ129: Objective 11 | AK129: NOA Reporting Element 1 | AL129: NOA Reporting Element 2 | AM129: NOA Reporting Element 3 | AN129: NOA Reporting Element 4 | AO129: NOA Reporting Element 5 | AP129: NOA Reporting Element 6 | AQ129: NOA Reporting Element 7 | AR129: NOA Reporting Element 8 | AS129: NOA Reporting Element 9
B130: Planned Start Date | F130: Actual Start Date | I130: Action Item Status | K130: Select | O130: Actual Start Date | R130: Action Item Status | T130: Select | X130: Impacts at Initial Report | AU130: =Y130 -> 0 | AV130: =Z130 -> 0 | AW130: =AA130 -> 0 | AX130: =AB130 -> 0 | AY130: =AC130 -> 0 | AZ130: =AE130 -> 0 | BA130: =AF130 -> 0 | BB130: =AG130 -> 0 | BC130: =AH130 -> 0 | BD130: =AI130 -> 0 | BE130: =AJ130 -> 0 | BF130: =AK130 -> 0 | BG130: =AL130 -> 0 | BH130: =AM130 -> 0 | BI130: =AO130 -> 0 | BJ130: =AP130 -> 0 | BK130: =AQ130 -> 0 | BL130: =AR130 -> 0 | BM130: =AS130 -> 0 | BN130: =Y131 -> 0 | BO130: =Z131 -> 0 | BP130: =AA131 -> 0 | BQ130: =AB131 -> 0 | BR130: =AC131 -> 0 | BS130: =AE131 -> 0 | BT130: =AF131 -> 0 | BU130: =AG131 -> 0 | BV130: =AH131 -> 0 | BW130: =AI131 -> 0 | BX130: =AJ131 -> 0 | BY130: =AK131 -> 0 | BZ130: =AL131 -> 0 | CA130: =AM131 -> 0 | CB130: =AO131 -> 0 | CC130: =AP131 -> 0 | CD130: =AQ131 -> 0 | CE130: =AR131 -> 0 | CF130: =AS131 -> 0 | CG130: =Y132 -> 0 | CH130: =Z132 -> 0 | CI130: =AA132 -> 0 | CJ130: =AB132 -> 0 | CK130: =AC132 -> 0 | CL130: =AE132 -> 0 | CM130: =AF132 -> 0 | CN130: =AG132 -> 0 | CO130: =AH132 -> 0 | CP130: =AI132 -> 0 | CQ130: =AJ132 -> 0 | CR130: =AK132 -> 0 | CS130: =AL132 -> 0 | CT130: =AM132 -> 0 | CU130: =AO132 -> 0 | CV130: =AP132 -> 0 | CW130: =AQ132 -> 0 | CX130: =AR132 -> 0 | CY130: =AS132 -> 0 | CZ130: ='Coversheet'!$D$5 -> 0 | DA130: ='Coversheet'!$D$6 -> 0 | DB130: ='Coversheet'!$H$15 -> 0 | DC130: ='Coversheet'!$G$15 -> 0 | DD130: ='Coversheet'!$G$16 -> 0 | DE130: ='Coversheet'!$D$12 -> 0 | DF130: =D130 -> 0 | DG130: =D131 -> 0 | DH130: =B133 -> 0 | DI130: null | DK130: null | DL130: null | DM130: =H130 -> 0 | DN130: =H131 -> 0 | DO130: =K130 -> Select | DP130: =L131 -> Select | DQ130: =F133 -> 0 | DR130: =M133 -> 0 | DS130: =Q130 -> 0 | DT130: =Q131 -> 0 | DU130: =T130 -> Select | DV130: =U131 -> Select | DW130: =O133 -> [If this Plan of Action was reported as complete at your Mid-Year Report and no additional updates are needed please skip the Annual Report Response Section. Otherwise, complete the Annual Report Response section and replace this bracketed text with your Progress Report] | DX130: =V133 -> 0 | DY130: 13
B131: Planned End Date | F131: Actual End Date | I131: Action Item Percent Complete | L131: Select | O131: Actual End Date | R131: Action Item Percent Complete | U131: Select | X131: Impacts at Mid-Year Report | CZ131: ='Coversheet'!$D$5 -> 0 | DA131: ='Coversheet'!$D$6 -> 0 | DB131: ='Coversheet'!$H$15 -> 0 | DC131: ='Coversheet'!$G$15 -> 0 | DD131: ='Coversheet'!$G$16 -> 0 | DE131: ='Coversheet'!$D$12 -> 0 | DY131: 13
B132: Planned Action Item Short Description | F132: Mid-Year Progress Report (Use Alt+Enter for new line if desired) | O132: Annual Progress Report (Use Alt+Enter for Actual line if desired) | X132: Impacts at Annual Report | CZ132: ='Coversheet'!$D$5 -> 0 | DA132: ='Coversheet'!$D$6 -> 0 | DB132: ='Coversheet'!$H$15 -> 0 | DC132: ='Coversheet'!$G$15 -> 0 | DD132: ='Coversheet'!$G$16 -> 0 | DE132: ='Coversheet'!$D$12 -> 0 | DY132: 13
O133: [If this Plan of Action was reported as complete at your Mid-Year Report and no additional updates are needed please skip the Annual Report Response Section. Otherwise, complete the Annual Report Response section and replace this bracketed text with your Progress Report]
B136: Initial Report Response | F136: Mid-Year Report Response | O136: Annual Report Response
B137: Action Item 14: | F137: Action Item 14: | M137: IF changes are made to the performance element impacts for this action item (in the table to the far right) please explain below. Otherwise leave blank. | O137: Action Item 14: | V137: IF changes are made to the performance element impacts (in the table to the right) for this action item please explain below. Otherwise leave blank. | X137: Action Item 14: | Y137: Objective 1 | Z137: Objective 1a | AA137: Objective 1b | AB137: Objective 1c | AC137: Objective 1d | AD137: Objective 1e | AE137: Objective 2 | AF137: Objective 3 | AG137: Objective 4 | AH137: Objective 5 | AI137: Objective 6 | AJ137: Objective 11 | AK137: NOA Reporting Element 1 | AL137: NOA Reporting Element 2 | AM137: NOA Reporting Element 3 | AN137: NOA Reporting Element 4 | AO137: NOA Reporting Element 5 | AP137: NOA Reporting Element 6 | AQ137: NOA Reporting Element 7 | AR137: NOA Reporting Element 8 | AS137: NOA Reporting Element 9
B138: Planned Start Date | F138: Actual Start Date | I138: Action Item Status | K138: Select | O138: Actual Start Date | R138: Action Item Status | T138: Select | X138: Impacts at Initial Report | AU138: =Y138 -> 0 | AV138: =Z138 -> 0 | AW138: =AA138 -> 0 | AX138: =AB138 -> 0 | AY138: =AC138 -> 0 | AZ138: =AE138 -> 0 | BA138: =AF138 -> 0 | BB138: =AG138 -> 0 | BC138: =AH138 -> 0 | BD138: =AI138 -> 0 | BE138: =AJ138 -> 0 | BF138: =AK138 -> 0 | BG138: =AL138 -> 0 | BH138: =AM138 -> 0 | BI138: =AO138 -> 0 | BJ138: =AP138 -> 0 | BK138: =AQ138 -> 0 | BL138: =AR138 -> 0 | BM138: =AS138 -> 0 | BN138: =Y139 -> 0 | BO138: =Z139 -> 0 | BP138: =AA139 -> 0 | BQ138: =AB139 -> 0 | BR138: =AC139 -> 0 | BS138: =AE139 -> 0 | BT138: =AF139 -> 0 | BU138: =AG139 -> 0 | BV138: =AH139 -> 0 | BW138: =AI139 -> 0 | BX138: =AJ139 -> 0 | BY138: =AK139 -> 0 | BZ138: =AL139 -> 0 | CA138: =AM139 -> 0 | CB138: =AO139 -> 0 | CC138: =AP139 -> 0 | CD138: =AQ139 -> 0 | CE138: =AR139 -> 0 | CF138: =AS139 -> 0 | CG138: =Y140 -> 0 | CH138: =Z140 -> 0 | CI138: =AA140 -> 0 | CJ138: =AB140 -> 0 | CK138: =AC140 -> 0 | CL138: =AE140 -> 0 | CM138: =AF140 -> 0 | CN138: =AG140 -> 0 | CO138: =AH140 -> 0 | CP138: =AI140 -> 0 | CQ138: =AJ140 -> 0 | CR138: =AK140 -> 0 | CS138: =AL140 -> 0 | CT138: =AM140 -> 0 | CU138: =AO140 -> 0 | CV138: =AP140 -> 0 | CW138: =AQ140 -> 0 | CX138: =AR140 -> 0 | CY138: =AS140 -> 0 | CZ138: ='Coversheet'!$D$5 -> 0 | DA138: ='Coversheet'!$D$6 -> 0 | DB138: ='Coversheet'!$H$15 -> 0 | DC138: ='Coversheet'!$G$15 -> 0 | DD138: ='Coversheet'!$G$16 -> 0 | DE138: ='Coversheet'!$D$12 -> 0 | DF138: =D138 -> 0 | DG138: =D139 -> 0 | DH138: =B141 -> 0 | DI138: null | DK138: null | DL138: null | DM138: =H138 -> 0 | DN138: =H139 -> 0 | DO138: =K138 -> Select | DP138: =L139 -> Select | DQ138: =F141 -> 0 | DR138: =M141 -> 0 | DS138: =Q138 -> 0 | DT138: =Q139 -> 0 | DU138: =T138 -> Select | DV138: =U139 -> Select | DW138: =O141 -> [If this Plan of Action was reported as complete at your Mid-Year Report and no additional updates are needed please skip the Annual Report Response Section. Otherwise, complete the Annual Report Response section and replace this bracketed text with your Progress Report] | DX138: =V141 -> 0 | DY138: 14
B139: Planned End Date | F139: Actual End Date | I139: Action Item Percent Complete | L139: Select | O139: Actual End Date | R139: Action Item Percent Complete | U139: Select | X139: Impacts at Mid-Year Report | CZ139: ='Coversheet'!$D$5 -> 0 | DA139: ='Coversheet'!$D$6 -> 0 | DB139: ='Coversheet'!$H$15 -> 0 | DC139: ='Coversheet'!$G$15 -> 0 | DD139: ='Coversheet'!$G$16 -> 0 | DE139: ='Coversheet'!$D$12 -> 0 | DY139: 14
B140: Planned Action Item Short Description | F140: Mid-Year Progress Report (Use Alt+Enter for new line if desired) | O140: Annual Progress Report (Use Alt+Enter for Actual line if desired) | X140: Impacts at Annual Report | CZ140: ='Coversheet'!$D$5 -> 0 | DA140: ='Coversheet'!$D$6 -> 0 | DB140: ='Coversheet'!$H$15 -> 0 | DC140: ='Coversheet'!$G$15 -> 0 | DD140: ='Coversheet'!$G$16 -> 0 | DE140: ='Coversheet'!$D$12 -> 0 | DY140: 14
O141: [If this Plan of Action was reported as complete at your Mid-Year Report and no additional updates are needed please skip the Annual Report Response Section. Otherwise, complete the Annual Report Response section and replace this bracketed text with your Progress Report]
B144: Initial Report Response | F144: Mid-Year Report Response | O144: Annual Report Response
B145: Action Item 15: | F145: Action Item 15: | M145: IF changes are made to the performance element impacts for this action item (in the table to the far right) please explain below. Otherwise leave blank. | O145: Action Item 15: | V145: IF changes are made to the performance element impacts (in the table to the right) for this action item please explain below. Otherwise leave blank. | X145: Action Item 15: | Y145: Objective 1 | Z145: Objective 1a | AA145: Objective 1b | AB145: Objective 1c | AC145: Objective 1d | AD145: Objective 1e | AE145: Objective 2 | AF145: Objective 3 | AG145: Objective 4 | AH145: Objective 5 | AI145: Objective 6 | AJ145: Objective 11 | AK145: NOA Reporting Element 1 | AL145: NOA Reporting Element 2 | AM145: NOA Reporting Element 3 | AN145: NOA Reporting Element 4 | AO145: NOA Reporting Element 5 | AP145: NOA Reporting Element 6 | AQ145: NOA Reporting Element 7 | AR145: NOA Reporting Element 8 | AS145: NOA Reporting Element 9
B146: Planned Start Date | F146: Actual Start Date | I146: Action Item Status | K146: Select | O146: Actual Start Date | R146: Action Item Status | T146: Select | X146: Impacts at Initial Report | AU146: =Y146 -> 0 | AV146: =Z146 -> 0 | AW146: =AA146 -> 0 | AX146: =AB146 -> 0 | AY146: =AC146 -> 0 | AZ146: =AE146 -> 0 | BA146: =AF146 -> 0 | BB146: =AG146 -> 0 | BC146: =AH146 -> 0 | BD146: =AI146 -> 0 | BE146: =AJ146 -> 0 | BF146: =AK146 -> 0 | BG146: =AL146 -> 0 | BH146: =AM146 -> 0 | BI146: =AO146 -> 0 | BJ146: =AP146 -> 0 | BK146: =AQ146 -> 0 | BL146: =AR146 -> 0 | BM146: =AS146 -> 0 | BN146: =Y147 -> 0 | BO146: =Z147 -> 0 | BP146: =AA147 -> 0 | BQ146: =AB147 -> 0 | BR146: =AC147 -> 0 | BS146: =AE147 -> 0 | BT146: =AF147 -> 0 | BU146: =AG147 -> 0 | BV146: =AH147 -> 0 | BW146: =AI147 -> 0 | BX146: =AJ147 -> 0 | BY146: =AK147 -> 0 | BZ146: =AL147 -> 0 | CA146: =AM147 -> 0 | CB146: =AO147 -> 0 | CC146: =AP147 -> 0 | CD146: =AQ147 -> 0 | CE146: =AR147 -> 0 | CF146: =AS147 -> 0 | CG146: =Y148 -> 0 | CH146: =Z148 -> 0 | CI146: =AA148 -> 0 | CJ146: =AB148 -> 0 | CK146: =AC148 -> 0 | CL146: =AE148 -> 0 | CM146: =AF148 -> 0 | CN146: =AG148 -> 0 | CO146: =AH148 -> 0 | CP146: =AI148 -> 0 | CQ146: =AJ148 -> 0 | CR146: =AK148 -> 0 | CS146: =AL148 -> 0 | CT146: =AM148 -> 0 | CU146: =AO148 -> 0 | CV146: =AP148 -> 0 | CW146: =AQ148 -> 0 | CX146: =AR148 -> 0 | CY146: =AS148 -> 0 | CZ146: ='Coversheet'!$D$5 -> 0 | DA146: ='Coversheet'!$D$6 -> 0 | DB146: ='Coversheet'!$H$15 -> 0 | DC146: ='Coversheet'!$G$15 -> 0 | DD146: ='Coversheet'!$G$16 -> 0 | DE146: ='Coversheet'!$D$12 -> 0 | DF146: =D146 -> 0 | DG146: =D147 -> 0 | DH146: =B149 -> 0 | DI146: null | DK146: null | DL146: null | DM146: =H146 -> 0 | DN146: =H147 -> 0 | DO146: =K146 -> Select | DP146: =L147 -> Select | DQ146: =F149 -> 0 | DR146: =M149 -> 0 | DS146: =Q146 -> 0 | DT146: =Q147 -> 0 | DU146: =T146 -> Select | DV146: =U147 -> Select | DW146: =O149 -> [If this Plan of Action was reported as complete at your Mid-Year Report and no additional updates are needed please skip the Annual Report Response Section. Otherwise, complete the Annual Report Response section and replace this bracketed text with your Progress Report] | DX146: =V149 -> 0 | DY146: 15
B147: Planned End Date | F147: Actual End Date | I147: Action Item Percent Complete | L147: Select | O147: Actual End Date | R147: Action Item Percent Complete | U147: Select | X147: Impacts at Mid-Year Report | CZ147: ='Coversheet'!$D$5 -> 0 | DA147: ='Coversheet'!$D$6 -> 0 | DB147: ='Coversheet'!$H$15 -> 0 | DC147: ='Coversheet'!$G$15 -> 0 | DD147: ='Coversheet'!$G$16 -> 0 | DE147: ='Coversheet'!$D$12 -> 0 | DY147: 15
B148: Planned Action Item Short Description | F148: Mid-Year Progress Report (Use Alt+Enter for new line if desired) | O148: Annual Progress Report (Use Alt+Enter for Actual line if desired) | X148: Impacts at Annual Report | CZ148: ='Coversheet'!$D$5 -> 0 | DA148: ='Coversheet'!$D$6 -> 0 | DB148: ='Coversheet'!$H$15 -> 0 | DC148: ='Coversheet'!$G$15 -> 0 | DD148: ='Coversheet'!$G$16 -> 0 | DE148: ='Coversheet'!$D$12 -> 0 | DY148: 15
O149: [If this Plan of Action was reported as complete at your Mid-Year Report and no additional updates are needed please skip the Annual Report Response Section. Otherwise, complete the Annual Report Response section and replace this bracketed text with your Progress Report]
B152: Initial Report Response | F152: Mid-Year Report Response | O152: Annual Report Response
B153: Action Item 16: | F153: Action Item 16: | M153: IF changes are made to the performance element impacts for this action item (in the table to the far right) please explain below. Otherwise leave blank. | O153: Action Item 16: | V153: IF changes are made to the performance element impacts (in the table to the right) for this action item please explain below. Otherwise leave blank. | X153: Action Item 16: | Y153: Objective 1 | Z153: Objective 1a | AA153: Objective 1b | AB153: Objective 1c | AC153: Objective 1d | AD153: Objective 1e | AE153: Objective 2 | AF153: Objective 3 | AG153: Objective 4 | AH153: Objective 5 | AI153: Objective 6 | AJ153: Objective 11 | AK153: NOA Reporting Element 1 | AL153: NOA Reporting Element 2 | AM153: NOA Reporting Element 3 | AN153: NOA Reporting Element 4 | AO153: NOA Reporting Element 5 | AP153: NOA Reporting Element 6 | AQ153: NOA Reporting Element 7 | AR153: NOA Reporting Element 8 | AS153: NOA Reporting Element 9
B154: Planned Start Date | F154: Actual Start Date | I154: Action Item Status | K154: Select | O154: Actual Start Date | R154: Action Item Status | T154: Select | X154: Impacts at Initial Report | AU154: =Y154 -> 0 | AV154: =Z154 -> 0 | AW154: =AA154 -> 0 | AX154: =AB154 -> 0 | AY154: =AC154 -> 0 | AZ154: =AE154 -> 0 | BA154: =AF154 -> 0 | BB154: =AG154 -> 0 | BC154: =AH154 -> 0 | BD154: =AI154 -> 0 | BE154: =AJ154 -> 0 | BF154: =AK154 -> 0 | BG154: =AL154 -> 0 | BH154: =AM154 -> 0 | BI154: =AO154 -> 0 | BJ154: =AP154 -> 0 | BK154: =AQ154 -> 0 | BL154: =AR154 -> 0 | BM154: =AS154 -> 0 | BN154: =Y155 -> 0 | BO154: =Z155 -> 0 | BP154: =AA155 -> 0 | BQ154: =AB155 -> 0 | BR154: =AC155 -> 0 | BS154: =AE155 -> 0 | BT154: =AF155 -> 0 | BU154: =AG155 -> 0 | BV154: =AH155 -> 0 | BW154: =AI155 -> 0 | BX154: =AJ155 -> 0 | BY154: =AK155 -> 0 | BZ154: =AL155 -> 0 | CA154: =AM155 -> 0 | CB154: =AO155 -> 0 | CC154: =AP155 -> 0 | CD154: =AQ155 -> 0 | CE154: =AR155 -> 0 | CF154: =AS155 -> 0 | CG154: =Y156 -> 0 | CH154: =Z156 -> 0 | CI154: =AA156 -> 0 | CJ154: =AB156 -> 0 | CK154: =AC156 -> 0 | CL154: =AE156 -> 0 | CM154: =AF156 -> 0 | CN154: =AG156 -> 0 | CO154: =AH156 -> 0 | CP154: =AI156 -> 0 | CQ154: =AJ156 -> 0 | CR154: =AK156 -> 0 | CS154: =AL156 -> 0 | CT154: =AM156 -> 0 | CU154: =AO156 -> 0 | CV154: =AP156 -> 0 | CW154: =AQ156 -> 0 | CX154: =AR156 -> 0 | CY154: =AS156 -> 0 | CZ154: ='Coversheet'!$D$5 -> 0 | DA154: ='Coversheet'!$D$6 -> 0 | DB154: ='Coversheet'!$H$15 -> 0 | DC154: ='Coversheet'!$G$15 -> 0 | DD154: ='Coversheet'!$G$16 -> 0 | DE154: ='Coversheet'!$D$12 -> 0 | DF154: =D154 -> 0 | DG154: =D155 -> 0 | DH154: =B157 -> 0 | DI154: null | DK154: null | DL154: null | DM154: =H154 -> 0 | DN154: =H155 -> 0 | DO154: =K154 -> Select | DP154: =L155 -> Select | DQ154: =F157 -> 0 | DR154: =M157 -> 0 | DS154: =Q154 -> 0 | DT154: =Q155 -> 0 | DU154: =T154 -> Select | DV154: =U155 -> Select | DW154: =O157 -> [If this Plan of Action was reported as complete at your Mid-Year Report and no additional updates are needed please skip the Annual Report Response Section. Otherwise, complete the Annual Report Response section and replace this bracketed text with your Progress Report] | DX154: =V157 -> 0 | DY154: 16
B155: Planned End Date | F155: Actual End Date | I155: Action Item Percent Complete | L155: Select | O155: Actual End Date | R155: Action Item Percent Complete | U155: Select | X155: Impacts at Mid-Year Report | CZ155: ='Coversheet'!$D$5 -> 0 | DA155: ='Coversheet'!$D$6 -> 0 | DB155: ='Coversheet'!$H$15 -> 0 | DC155: ='Coversheet'!$G$15 -> 0 | DD155: ='Coversheet'!$G$16 -> 0 | DE155: ='Coversheet'!$D$12 -> 0 | DY155: 16
B156: Planned Action Item Short Description | F156: Mid-Year Progress Report (Use Alt+Enter for new line if desired) | O156: Annual Progress Report (Use Alt+Enter for Actual line if desired) | X156: Impacts at Annual Report | CZ156: ='Coversheet'!$D$5 -> 0 | DA156: ='Coversheet'!$D$6 -> 0 | DB156: ='Coversheet'!$H$15 -> 0 | DC156: ='Coversheet'!$G$15 -> 0 | DD156: ='Coversheet'!$G$16 -> 0 | DE156: ='Coversheet'!$D$12 -> 0 | DY156: 16
O157: [If this Plan of Action was reported as complete at your Mid-Year Report and no additional updates are needed please skip the Annual Report Response Section. Otherwise, complete the Annual Report Response section and replace this bracketed text with your Progress Report]
B160: Initial Report Response | F160: Mid-Year Report Response | O160: Annual Report Response
B161: Action Item 17: | F161: Action Item 17: | M161: IF changes are made to the performance element impacts for this action item (in the table to the far right) please explain below. Otherwise leave blank. | O161: Action Item 17: | V161: IF changes are made to the performance element impacts (in the table to the right) for this action item please explain below. Otherwise leave blank. | X161: Action Item 17: | Y161: Objective 1 | Z161: Objective 1a | AA161: Objective 1b | AB161: Objective 1c | AC161: Objective 1d | AD161: Objective 1e | AE161: Objective 2 | AF161: Objective 3 | AG161: Objective 4 | AH161: Objective 5 | AI161: Objective 6 | AJ161: Objective 11 | AK161: NOA Reporting Element 1 | AL161: NOA Reporting Element 2 | AM161: NOA Reporting Element 3 | AN161: NOA Reporting Element 4 | AO161: NOA Reporting Element 5 | AP161: NOA Reporting Element 6 | AQ161: NOA Reporting Element 7 | AR161: NOA Reporting Element 8 | AS161: NOA Reporting Element 9
...

Sheet AddlQuestions
B18: Mid-Year Report Public Heath Impacts | I18: Annual Report Public Heath Impacts
O27: AddlQuestions | P27: Mid-Year AddlQuestion Response | Q27: Annual AddlQuestionResponse | R27: AddlQuestion Category | S27: OPEI | T27: Standard Name | U27: FY | V27: Entity Name
B29: Mid-Year: Please describe the public health impact of your activities under this cooperative agreement. | I29: Annual Report: Please describe the public health impact of your activities under this cooperative agreement. | O29: Please describe the public health impact of your activities under this cooperative agreement. | P29: =B30 -> 0 | Q29: =I30 -> 0 | R29: Public Health | S29: ='Coversheet'!$D$5 -> 0 | T29: ='Coversheet'!$D$6 -> 0 | U29: ='Coversheet'!$H$15 -> 0 | V29: ='Coversheet'!$D$12 -> 0
B32: Mid-Year: Please describe how your activities have facilitated long-term improvements to the national food safety system under this cooperative agreement. | I32: Annual Report: Please describe how your activities have facilitated long-term improvements to the national food safety system under this cooperative agreement. | O32: Please describe how your activities have facilitated long-term improvements to the national food safety system under this cooperative agreement. | P32: =B33 -> 0 | Q32: =I33 -> 0 | R32: Public Health | S32: ='Coversheet'!$D$5 -> 0 | T32: ='Coversheet'!$D$6 -> 0 | U32: ='Coversheet'!$H$15 -> 0 | V32: ='Coversheet'!$D$12 -> 0
B35: Mid-Year Report Optional Questions | I35: Annual Report Optional Questions
B37: Mid-Year: Please share any highlights or success stories related to this project. Include links to additional information (website, news articles, etc.) when applicable. | I37: Annual Report: Please share any highlights or success stories related to this project. Include links to additional information (website, news articles, etc.) when applicable. | O37: Please share any highlights or success stories related to this project. Include links to additional information (website, news articles, etc.) when applicable. | P37: =B38 -> 0 | Q37: =I38 -> 0 | R37: Other Outcomes | S37: ='Coversheet'!$D$5 -> 0 | T37: ='Coversheet'!$D$6 -> 0 | U37: ='Coversheet'!$H$15 -> 0 | V37: ='Coversheet'!$D$12 -> 0
B40: Mid-Year: Please describe any other relevant outcomes not reported elsewhere (e.g. your interpretation of project results). | I40: Annual Report: Please describe any other relevant outcomes not reported elsewhere (e.g. your interpretation of project results). | O40: Please describe any other relevant outcomes not reported elsewhere (e.g. your interpretation of project results). | P40: =B41 -> 0 | Q40: =I41 -> 0 | R40: Other Outcomes | S40: ='Coversheet'!$D$5 -> 0 | T40: ='Coversheet'!$D$6 -> 0 | U40: ='Coversheet'!$H$15 -> 0 | V40: ='Coversheet'!$D$12 -> 0

Sheet Personnel
B21: Mid-Year & Annual Personnel Report | H21: Annual Report Only
H22: Select appropriate response: | I22: Select | K22: Name | L22: Title | M22: Project Role | N22: Months Effort | O22: Months Funded | P22: Personnel Changes | Q22: Explanation | R22: OPEI | S22: Entity Name | T22: Standard Name | U22: FY
C23: Name (last name, first name) | D23: Title | E23: Project Role | F23: Total Project Effort (# calendar mos - Include effort funded by the CAP and in-kind contribution e.g., non-CAP funded) | G23: Months Funded (# calendar mos - include CAP funded effort only) | H23: Personnel Changes?* (key personnel changes must be submitted to eRA Commons and may require prior approval as described in your NOA) | I23: Explanation for significant personnel changes
B24: 1 | H24: Select | K24: =C24 -> 0 | L24: =D24 -> 0 | M24: =E24 -> 0 | N24: =F24 -> 0 | O24: =G24 -> 0 | P24: =H24 -> Select | Q24: =I24 -> 0 | R24: ='Coversheet'!$D$5 -> 0 | S24: ='Coversheet'!$D$12 -> 0 | T24: ='Coversheet'!$D$6 -> 0 | U24: ='Coversheet'!$H$15 -> 0
B25: 2 | H25: Select | K25: =C25 -> 0 | L25: =D25 -> 0 | M25: =E25 -> 0 | N25: =F25 -> 0 | O25: =G25 -> 0 | P25: =H25 -> Select | Q25: =I25 -> 0 | R25: ='Coversheet'!$D$5 -> 0 | S25: ='Coversheet'!$D$12 -> 0 | T25: ='Coversheet'!$D$6 -> 0 | U25: ='Coversheet'!$H$15 -> 0
B26: 3 | H26: Select | K26: =C26 -> 0 | L26: =D26 -> 0 | M26: =E26 -> 0 | N26: =F26 -> 0 | O26: =G26 -> 0 | P26: =H26 -> Select | Q26: =I26 -> 0 | R26: ='Coversheet'!$D$5 -> 0 | S26: ='Coversheet'!$D$12 -> 0 | T26: ='Coversheet'!$D$6 -> 0 | U26: ='Coversheet'!$H$15 -> 0
B27: 4 | H27: Select | K27: =C27 -> 0 | L27: =D27 -> 0 | M27: =E27 -> 0 | N27: =F27 -> 0 | O27: =G27 -> 0 | P27: =H27 -> Select | Q27: =I27 -> 0 | R27: ='Coversheet'!$D$5 -> 0 | S27: ='Coversheet'!$D$12 -> 0 | T27: ='Coversheet'!$D$6 -> 0 | U27: ='Coversheet'!$H$15 -> 0
B28: 5 | H28: Select | K28: =C28 -> 0 | L28: =D28 -> 0 | M28: =E28 -> 0 | N28: =F28 -> 0 | O28: =G28 -> 0 | P28: =H28 -> Select | Q28: =I28 -> 0 | R28: ='Coversheet'!$D$5 -> 0 | S28: ='Coversheet'!$D$12 -> 0 | T28: ='Coversheet'!$D$6 -> 0 | U28: ='Coversheet'!$H$15 -> 0
B29: 6 | H29: Select | K29: =C29 -> 0 | L29: =D29 -> 0 | M29: =E29 -> 0 | N29: =F29 -> 0 | O29: =G29 -> 0 | P29: =H29 -> Select | Q29: =I29 -> 0 | R29: ='Coversheet'!$D$5 -> 0 | S29: ='Coversheet'!$D$12 -> 0 | T29: ='Coversheet'!$D$6 -> 0 | U29: ='Coversheet'!$H$15 -> 0
B30: 7 | H30: Select | K30: =C30 -> 0 | L30: =D30 -> 0 | M30: =E30 -> 0 | N30: =F30 -> 0 | O30: =G30 -> 0 | P30: =H30 -> Select | Q30: =I30 -> 0 | R30: ='Coversheet'!$D$5 -> 0 | S30: ='Coversheet'!$D$12 -> 0 | T30: ='Coversheet'!$D$6 -> 0 | U30: ='Coversheet'!$H$15 -> 0
B31: 8 | H31: Select | K31: =C31 -> 0 | L31: =D31 -> 0 | M31: =E31 -> 0 | N31: =F31 -> 0 | O31: =G31 -> 0 | P31: =H31 -> Select | Q31: =I31 -> 0 | R31: ='Coversheet'!$D$5 -> 0 | S31: ='Coversheet'!$D$12 -> 0 | T31: ='Coversheet'!$D$6 -> 0 | U31: ='Coversheet'!$H$15 -> 0
B32: 9 | H32: Select | K32: =C32 -> 0 | L32: =D32 -> 0 | M32: =E32 -> 0 | N32: =F32 -> 0 | O32: =G32 -> 0 | P32: =H32 -> Select | Q32: =I32 -> 0 | R32: ='Coversheet'!$D$5 -> 0 | S32: ='Coversheet'!$D$12 -> 0 | T32: ='Coversheet'!$D$6 -> 0 | U32: ='Coversheet'!$H$15 -> 0
B33: 10 | H33: Select | K33: =C33 -> 0 | L33: =D33 -> 0 | M33: =E33 -> 0 | N33: =F33 -> 0 | O33: =G33 -> 0 | P33: =H33 -> Select | Q33: =I33 -> 0 | R33: ='Coversheet'!$D$5 -> 0 | S33: ='Coversheet'!$D$12 -> 0 | T33: ='Coversheet'!$D$6 -> 0 | U33: ='Coversheet'!$H$15 -> 0
B34: 11 | H34: Select | K34: =C34 -> 0 | L34: =D34 -> 0 | M34: =E34 -> 0 | N34: =F34 -> 0 | O34: =G34 -> 0 | P34: =H34 -> Select | Q34: =I34 -> 0 | R34: ='Coversheet'!$D$5 -> 0 | S34: ='Coversheet'!$D$12 -> 0 | T34: ='Coversheet'!$D$6 -> 0 | U34: ='Coversheet'!$H$15 -> 0
B35: 12 | H35: Select | K35: =C35 -> 0 | L35: =D35 -> 0 | M35: =E35 -> 0 | N35: =F35 -> 0 | O35: =G35 -> 0 | P35: =H35 -> Select | Q35: =I35 -> 0 | R35: ='Coversheet'!$D$5 -> 0 | S35: ='Coversheet'!$D$12 -> 0 | T35: ='Coversheet'!$D$6 -> 0 | U35: ='Coversheet'!$H$15 -> 0
... B58: 35 | H58: Select | K58: =C58 -> 0 | L58: =D58 -> 0 | M58: =E58 -> 0 | N58: =F58 -> 0 | O58: =G58 -> 0 | P58: =H58 -> Select | Q58: =I58 -> 0 | R58: ='Coversheet'!$D$5 -> 0 | S58: ='Coversheet'!$D$12 -> 0 | T58: ='Coversheet'!$D$6 -> 0 | U58: ='Coversheet'!$H$15 -> 0
H59: *If adding or removing personnel please update their name, title, project role, and months funded as applicable. | P59: =I22 -> Select | R59: ='Coversheet'!$D$5 -> 0 | S59: ='Coversheet'!$D$12 -> 0 | T59: ='Coversheet'!$D$6 -> 0 | U59: ='Coversheet'!$H$15 -> 0

Sheet Budget
B29: Mid-Year and Annual Budget Report
B31: *Note: Annual Total Budgeted is pre-set equal to Mid-Year Total budgeted and Mid-Year and Annual Projected expenses are pre-set as calculated using the Total Budgeted minus Expended. These formulas should be cleared and actual numbers entered if different.
C32: Expenses | D32: Mid-Year Total Budgeted | E32: Annual Total Budgeted* | F32: Mid-Year Expended to Date | G32: Annual Expended to Date | H32: Mid-Year Projected Expenses* | I32: Annual Projected Expenses* | O32: Budget Questions | P32: MY Budget Numerical Responses | Q32: Annual Budget Numerical Responses | R32: MY Budget Text Responses | S32: Annual Budget Text Responses | T32: Expenses | U32: MY Total Budgeted | V32: Annual Total Budgeted | W32: MY Expended to Date | X32: Annual Expended to Date | Y32: My Projected Expenses | Z32: Annual Projected Expenses | AA32: Standard Name | AB32: FY | AC32: OPEI | AD32: Entity Name
B33: 1 | C33: Total Salary, Wages, and Fringe Benefits | D33: 0 | E33: =D33 -> 0 | F33: 0 | G33: 0 | H33: =D33-F33 -> 0 | I33: =E33-G33 -> 0
B34: 2 | C34: Equipment | D34: 0 | E34: =D34 -> 0 | F34: 0 | G34: 0 | H34: =D34-F34 -> 0 | I34: =E34-G34 -> 0 | O34: Total Budget: Total Budgeted | P34: =D47 -> 0 | Q34: =E47 -> 0 | T34: =C33 -> Total Salary, Wages, and Fringe Benefits | U34: =D33 -> 0 | V34: =E33 -> 0 | W34: =F33 -> 0 | X34: =G33 -> 0 | Y34: =H33 -> 0 | Z34: =I33 -> 0 | AA34: NEHA | AB34: FY23 | AC34: 76 | AD34: NEHA
B35: 3 | C35: Travel | D35: 0 | E35: =D35 -> 0 | F35: 0 | G35: 0 | H35: =D35-F35 -> 0 | I35: =E35-G35 -> 0 | O35: Total Budget: Expended to Date | P35: =F47 -> 0 | Q35: =G47 -> 0 | T35: =C34 -> Equipment | U35: =D34 -> 0 | V35: =E34 -> 0 | W35: =F34 -> 0 | X35: =G34 -> 0 | Y35: =H34 -> 0 | Z35: =I34 -> 0 | AA35: NEHA | AB35: FY23 | AC35: 76 | AD35: NEHA
B36: 4 | C36: Materials and Supplies | D36: 0 | E36: =D36 -> 0 | F36: 0 | G36: 0 | H36: =D36-F36 -> 0 | I36: =E36-G36 -> 0 | O36: Total Budget: Total Projected Expenses | P36: =H47 -> 0 | Q36: =I47 -> 0 | T36: =C35 -> Travel | U36: =D35 -> 0 | V36: =E35 -> 0 | W36: =F35 -> 0 | X36: =G35 -> 0 | Y36: =H35 -> 0 | Z36: =I35 -> 0 | AA36: NEHA | AB36: FY23 | AC36: 76 | AD36: NEHA
B37: 5 | C37: Publication Costs | D37: 0 | E37: =D37 -> 0 | F37: 0 | G37: 0 | H37: =D37-F37 -> 0 | I37: =E37-G37 -> 0 | O37: Estimated current obligated funds | P37: =D48 -> 0 | Q37: =E48 -> 0 | T37: =C36 -> Materials and Supplies | U37: =D36 -> 0 | V37: =E36 -> 0 | W37: =F36 -> 0 | X37: =G36 -> 0 | Y37: =H36 -> 0 | Z37: =I36 -> 0 | AA37: NEHA | AB37: FY23 | AC37: 76 | AD37: NEHA
B38: 6 | C38: Consultant Services | D38: 0 | E38: =D38 -> 0 | F38: 0 | G38: 0 | H38: =D38-F38 -> 0 | I38: =E38-G38 -> 0 | O38: Carryover I will be requesting | P38: =D49 -> 0 | Q38: =E49 -> 0 | T38: =C37 -> Publication Costs | U38: =D37 -> 0 | V38: =E37 -> 0 | W38: =F37 -> 0 | X38: =G37 -> 0 | Y38: =H37 -> 0 | Z38: =I37 -> 0 | AA38: NEHA | AB38: FY23 | AC38: 76 | AD38: NEHA
B39: 7 | C39: ADP/Computer Services | D39: 0 | E39: =D39 -> 0 | F39: 0 | G39: 0 | H39: =D39-F39 -> 0 | I39: =E39-G39 -> 0 | O39: New funding request | P39: =D50 -> 0 | Q39: =E50 -> 0 | T39: =C38 -> Consultant Services | U39: =D38 -> 0 | V39: =E38 -> 0 | W39: =F38 -> 0 | X39: =G38 -> 0 | Y39: =H38 -> 0 | Z39: =I38 -> 0 | AA39: NEHA | AB39: FY23 | AC39: 76 | AD39: NEHA
B40: 8 | C40: Subawards/Contractual Costs | D40: 0 | E40: =D40 -> 0 | F40: 0 | G40: 0 | H40: =D40-F40 -> 0 | I40: =E40-G40 -> 0 | O40: Total Requested for next budget period | P40: =D51 -> 0 | Q40: =E51 -> 0 | T40: =C39 -> ADP/Computer Services | U40: =D39 -> 0 | V40: =E39 -> 0 | W40: =F39 -> 0 | X40: =G39 -> 0 | Y40: =H39 -> 0 | Z40: =I39 -> 0 | AA40: NEHA | AB40: FY23 | AC40: 76 | AD40: NEHA
B41: 9 | C41: Equipment/Facility Rental/User Fees | D41: 0 | E41: =D41 -> 0 | F41: 0 | G41: 0 | H41: =D41-F41 -> 0 | I41: =E41-G41 -> 0 | O41: Additional Budget Comments: | R41: =D53 -> 0 | S41: =G53 -> 0 | T41: =C40 -> Subawards/Contractual Costs | U41: =D40 -> 0 | V41: =E40 -> 0 | W41: =F40 -> 0 | X41: =G40 -> 0 | Y41: =H40 -> 0 | Z41: =I40 -> 0 | AA41: NEHA | AB41: FY23 | AC41: 76 | AD41: NEHA
B42: 10 | C42: Federal F&A (Indirect Costs) | D42: 0 | E42: =D42 -> 0 | F42: 0 | G42: 0 | H42: =D42-F42 -> 0 | I42: =E42-G42 -> 0 | T42: =C41 -> Equipment/Facility Rental/User Fees | U42: =D41 -> 0 | V42: =E41 -> 0 | W42: =F41 -> 0 | X42: =G41 -> 0 | Y42: =H41 -> 0 | Z42: =I41 -> 0 | AA42: NEHA | AB42: FY23 | AC42: 76 | AD42: NEHA
B43: 11 | C43: Other 1 [Replace only bracketed text] | D43: 0 | E43: =D43 -> 0 | F43: 0 | G43: 0 | H43: =D43-F43 -> 0 | I43: =E43-G43 -> 0 | T43: =C42 -> Federal F&A (Indirect Costs) | U43: =D42 -> 0 | V43: =E42 -> 0 | W43: =F42 -> 0 | X43: =G42 -> 0 | Y43: =H42 -> 0 | Z43: =I42 -> 0 | AA43: NEHA | AB43: FY23 | AC43: 76 | AD43: NEHA
B44: 12 | C44: Other 2 [Replace only bracketed text] | D44: 0 | E44: =D44 -> 0 | F44: 0 | G44: 0 | H44: =D44-F44 -> 0 | I44: =E44-G44 -> 0 | T44: =C43 -> Other 1 [Replace only bracketed text] | U44: =D43 -> 0 | V44: =E43 -> 0 | W44: =F43 -> 0 | X44: =G43 -> 0 | Y44: =H43 -> 0 | Z44: =I43 -> 0 | AA44: NEHA | AB44: FY23 | AC44: 76 | AD44: NEHA
B45: 13 | C45: Other 3 [Replace only bracketed text] | D45: 0 | E45: =D45 -> 0 | F45: 0 | G45: 0 | H45: =D45-F45 -> 0 | I45: =E45-G45 -> 0 | T45: =C44 -> Other 2 [Replace only bracketed text] | U45: =D44 -> 0 | V45: =E44 -> 0 | W45: =F44 -> 0 | X45: =G44 -> 0 | Y45: =H44 -> 0 | Z45: =I44 -> 0 | AA45: NEHA | AB45: FY23 | AC45: 76 | AD45: NEHA
B46: 14 | C46: Other 4 [Replace only bracketed text] | D46: 0 | E46: =D46 -> 0 | F46: 0 | G46: 0 | H46: =D46-F46 -> 0 | I46: =E46-G46 -> 0 | T46: =C45 -> Other 3 [Replace only bracketed text] | U46: =D45 -> 0 | V46: =E45 -> 0 | W46: =F45 -> 0 | X46: =G45 -> 0 | Y46: =H45 -> 0 | Z46: =I45 -> 0 | AA46: NEHA | AB46: FY23 | AC46: 76 | AD46: NEHA
B47: 15 | C47: Total Budget | D47: =SUM(D33:D46) -> 0 | E47: =SUM(E33:E46) -> 0 | F47: =SUM(F33:F46) -> 0 | G47: =SUM(G33:G46) -> 0 | H47: =SUM(H33:H46) -> 0 | I47: =SUM(I33:I46) -> 0 | T47: =C46 -> Other 4 [Replace only bracketed text] | U47: =D46 -> 0 | V47: =E46 -> 0 | W47: =F46 -> 0 | X47: =G46 -> 0 | Y47: =H46 -> 0 | Z47: =I46 -> 0 | AA47: NEHA | AB47: FY23 | AC47: 76 | AD47: NEHA
B48: 16 | C48: Estimated current obligated funds | D48: 0 | E48: 0
B49: 17 | C49: Carryover I will be requesting | D49: 0 | E49: 0
B50: 18 | C50: New funding request | D50: 0 | E50: 0
B51: 19 | C51: Total Requested for next budget period | D51: 0 | E51: 0
D52: Mid-Year Report Comments | G52: Annual Report Comments
B53: 20 | C53: Additional Budget Comments:

Sheet Performance Elements
B13: Primary Outcomes - Objectives
B14: Objective 1. Training Development The initial Comprehensive Training Plan must be submitted within 45 days of award and address each of the following components:
B15: Objective 1a. Course Identification and Prioritization.
B16: Objective 1b. Redesign of Existing Courses.
B17: Objective 1c. Development of New Courses.
B18: Objective 1d. In-Person Training for High-Priority Courses.
B19: Objective 1e. Training Coordination of Courses.
B20: Objective 2. Laboratory Meeting Coordination and Execution.
B21: Objective 3. ISO/IEC 17025 Accreditation Assistance.
B22: Objective 4. Management of Laboratory Committees.
B23: Objective 5. Administration of State Laboratory Travel and Training Scholarships
B24: Objective 6. Conduct National Laboratory Collaboration and State Partner Feedback Exercises
... B34: NOA Reporting Element 9. Describe any state and partner laboratory feedback gathered and shared with the FDA. Include any outcomes of feedback and any follow-up activities pursued with laboratory partners.
